 Dungeon Crawl Stone Soup version 0.32-a0-975-g85d4e5bfdb (webtiles) character file.

Game seed: 9931954113160143527

9138672 VictorG the Infernalist (level 27, 273/273 HPs)
             Began as a Mountain Dwarf Fire Elementalist on Mar 29, 2024.
             Was the Champion of Sif Muna.
             Escaped with the Orb
             ... and 15 runes on Apr 19, 2024!
             The game lasted 16:02:12 (190219 turns).

VictorG the Infernalist (MDFE)                    Turns: 190219, Time: 16:02:13

Health: 273/273    AC: 66    Str: 12    XL:     27
Magic:  71/81      EV:  6    Int: 34    God:    Sif Muna [******]
Gold:   16258      SH: 37    Dex:  9    Spells: 0/80 levels left

rFire   + + +        h - staff of Moral Flaws {+Blink rF+ Conj Fire}
rCold   + + +        L - +14 tower shield of the Big Bang {rC+ Will+ rCorr Stlth+}
rNeg    + + +        K - +14 crystal plate armour of the Untouchables {Stlth+}
rPois   .            P - +2 helmet {SInv}
rElec   +            m - +4 dragonskin cloak {Aegis}
rCorr   +            n - +2 pair of gloves "Goocw" {+Blink Int+5}
SInv    +            E - +2 pair of boots {Fly}
Will    ++++.        i - amulet "Tuhow" {Acrobat rF+ rC+ Will+ MP+9} Stlth
                     V - ring "Hauxkimu" {rElec rF+ rN+ MP+9}
HPRegen 0.65/turn    d - ring "Vaewnel" {rF+ rC+++ rN++ MP+9 Int-3}
MPRegen 0.47/turn

%: random rage (3%), acrobat
@: flying, studying 7 skills
A: runic magic, artefact enchanting, iridescent scales 1, berserk 1, clever 1,
deterioration 1, fire resistance 1, inability to drink after injury 1
0: Orb of Zot
}: 15/15 runes: decaying, serpentine, slimy, silver, golden, iron, obsidian,
icy, bone, abyssal, demonic, glowing, magical, fiery, dark
a: Renounce Religion, Evoke Blink, Channel Magic, Forget Spell, Divine Exegesis


You escaped.
You worshipped Sif Muna.
Sif Muna was exalted by your worship.
You visited 18 branches of the dungeon, and saw 88 of its levels.
You visited Pandemonium 2 times, and saw 18 of its levels.
You visited the Abyss 4 times.
You visited 1 bazaar.
You visited 1 ziggurat, and saw 21 of its levels.
You also visited: Sewer, Gauntlet and Desolation.

You collected 20580 gold pieces.
You spent 4322 gold pieces at shops.

Inventory:

Hand Weapons
 p - a +9 eudemon blade of holy wrath
 w - the +13 sceptre of Asmodeus
   (You took it off Asmodeus on level 7 of Gehenna)

   Fire Summon: It may summon demons of flame and damnation when striking foes.
Armour
 m - the +4 dragonskin cloak (worn) {Aegis}
   (You took it off Tiamat on level 2 of the Realm of Zot)

   Avatar's Aegis: It grants the wearer a chance to resist fire, cold, poison,
   electricity, acid, and negative energy.
 n - the +2 pair of gloves "Goocw" (worn) {+Blink Int+5}
   (You found it on level 3 of the Elven Halls)

   Int+5:     It affects your intelligence (+5).
   +Blink:    It lets you blink.
 u - the +2 helmet of the Devil {rElec rCorr}
   (You found it on level 7 of Tartarus)

   rElec:     It insulates you from electricity.
   rCorr:     It protects you from acid and corrosion.
 x - the +2 pair of slick slippers {slick, slippery, EV+4}
   (You bought it in a shop on level 2 of the Orcish Mines)

   Slick:     Its wearer cannot be constricted, engulfed, netted, webbed, or
   stopped by binding sigils.
   Slippery:  Its wearer slips away from damaging melee attacks, pulling the
   attacker onward.
   EV+4:      It affects your evasion (+4).
 E - a +2 pair of boots of flying (worn)
 K - the +14 crystal plate armour of the Untouchables (worn) {Stlth+}
   (You found it on level 11 of a ziggurat)

   Stlth+:    It makes you more stealthy.
 L - the +14 tower shield of the Big Bang (worn) {rC+ Will+ rCorr Stlth+}
   (You took it off a daeva in Pandemonium)

   rC+:       It protects you from cold.
   Will+:     It increases your willpower.
   rCorr:     It protects you from acid and corrosion.
   Stlth+:    It makes you more stealthy.
 O - the +0 ice dragon scales of the Harvest {rPois rF- rC++ SInv}
   (You found it on level 12 of a ziggurat)

   rF-:       It makes you vulnerable to fire.
   rC++:      It greatly protects you from cold.
   rPois:     It protects you from poison.
   SInv:      It lets you see invisible.
 P - a +2 helmet of see invisible (worn)
 S - the +1 buckler "Zyluaxus" {rElec rCorr Str+6 Dex-4}
   (You took it off a cherub in Pandemonium)

   Str+6:     It affects your strength (+6).
   Dex-4:     It affects your dexterity (-4).
   rElec:     It insulates you from electricity.
   rCorr:     It protects you from acid and corrosion.
 W - the +2 cloak of Effutriaz {rF++ Dex+3}
   (You found it on level 5 of the Pits of Slime)

   Dex+3:     It affects your dexterity (+3).
   rF++:      It greatly protects you from fire.
Magical Staves
 h - the staff of Moral Flaws (weapon) {+Blink rF+ Conj Fire}
   (You found it on level 3 of the Elven Halls)

   [staff of fire]

   Base accuracy: +5 Base damage: 5 Base attack delay: 1.2 This weapon's minimum
   attack delay (0.6) is reached at skill level 12.
   rF+:       It protects you from fire.
   +Blink:    It lets you blink.
   Conj:      It increases the power of your Conjurations spells.
   Fire:      It increases the power of your Fire spells.
   It falls into the 'Staves' category.
   It is a one-handed weapon.
 C - the staff of Fee Simple {rF+ Int+3 Dex-3 Necro Fire}
   (You found it on level 3 of the Tomb of the Ancients)

   [staff of fire]

   Base accuracy: +5 Base damage: 5 Base attack delay: 1.2 This weapon's minimum
   attack delay (0.6) is reached at skill level 12.
   Int+3:     It affects your intelligence (+3).
   Dex-3:     It affects your dexterity (-3).
   rF+:       It protects you from fire.
   Necro:     It increases the power of your Necromancy spells.
   Fire:      It increases the power of your Fire spells.
   It falls into the 'Staves' category.
   It is a one-handed weapon.
Jewellery
 a - the ring "Qearosh" {rF++ rC+ AC+4 Int+3}
   (You found it on level 19 of a ziggurat)

   [ring of protection]

   AC+4:      It affects your AC (+4).
   Int+3:     It affects your intelligence (+3).
   rF++:      It greatly protects you from fire.
   rC+:       It protects you from cold.
 d - the ring "Vaewnel" (right hand) {rF+ rC+++ rN++ MP+9 Int-3}
   (You took it off a naga on level 2 of the Snake Pit)

   [ring of magical power]

   Int-3:     It affects your intelligence (-3).
   rF+:       It protects you from fire.
   rC+++:     It renders you almost immune to cold.
   rN++:      It greatly protects you from negative energy.
   MP+9:      It affects your magic capacity (+9).
 i - the amulet "Tuhow" (around neck) {Acrobat rF+ rC+ Will+ MP+9}
   (You acquired it in Pandemonium)

   [amulet of the acrobat]

   Acrobat:   It increases your evasion while moving and waiting.
   rF+:       It protects you from fire.
   rC+:       It protects you from cold.
   Will+:     It increases your willpower.
   MP+9:      It affects your magic capacity (+9).
 o - the amulet "Keirphei" {Acrobat rF+}
   (You found it on level 7 of Gehenna)

   [amulet of the acrobat]

   Acrobat:   It increases your evasion while moving and waiting.
   rF+:       It protects you from fire.
 D - the amulet "Hoewir" {Faith Int+3}
   (You found it on level 3 of the Tomb of the Ancients)

   [amulet of faith]

   Faith:     It allows you to gain divine favour quickly.
   Int+3:     It affects your intelligence (+3).
 M - the ring "Xeut" {Fire ^Drain rElec rPois Will++}
   (You found it on level 15 of a ziggurat)

   [ring of fire]

   Fire:      It enhances your fire magic.
   rF+:       It protects you from fire.
   rC-:       It makes you vulnerable to cold.
   rElec:     It insulates you from electricity.
   rPois:     It protects you from poison.
   Will++:    It greatly increases your willpower.
   ^Drain:    It drains your maximum health when unequipped.
 V - the ring "Hauxkimu" (left hand) {rElec rF+ rN+ MP+9}
   (You found it on level 13 of a ziggurat)

   [ring of magical power]

   rF+:       It protects you from fire.
   rElec:     It insulates you from electricity.
   rN+:       It protects you from negative energy.
   MP+9:      It affects your magic capacity (+9).
 Y - the ring "Poixer" {rPois rN++ rCorr Int+5}
   (You found it on level 20 of a ziggurat)

   [ring of resist corrosion]

   Int+5:     It affects your intelligence (+5).
   rPois:     It protects you from poison.
   rN++:      It greatly protects you from negative energy.
   rCorr:     It protects you from acid and corrosion.
Wands
 q - a wand of iceblast (228)
 B - a wand of charming (87)
 F - a wand of polymorph (93)
 H - a wand of digging (52)
Scrolls
 c - 3 scrolls of brand weapon
 e - 4 scrolls of revelation
 g - 11 scrolls of amnesia
 k - 25 scrolls of teleportation
 l - 2 scrolls of blinking
 r - 17 scrolls of fear
 t - a scroll of silence
 v - 4 scrolls of vulnerability
 y - 29 scrolls of fog
 J - 5 scrolls of immolation
 N - 7 scrolls of enchant armour
 U - 16 scrolls of enchant weapon
Potions
 b - 3 potions of magic
 f - 5 potions of mutation
 j - 13 potions of haste
 s - 11 potions of heal wounds
 z - 22 potions of curing
 A - a potion of brilliance
 G - 6 potions of invisibility
 Q - 5 potions of resistance
 T - 9 potions of enlightenment
 Z - 4 potions of cancellation
Miscellaneous
 R - a figurine of a ziggurat


   Skills:
 O Level 27 Fighting
 - Level 15.6 Long Blades
 + Level 9.3(12.0) Maces & Flails
 - Level 11.2(12.4) Staves
 O Level 27 Armour
 + Level 15.6 Dodging
 - Level 1.4 Stealth
 O Level 27 Shields
 O Level 27 Spellcasting
 O Level 27 Conjurations
 O Level 27 Necromancy
 - Level 4.4 Translocations
 O Level 27 Fire Magic
 O Level 27 Earth Magic
 O Level 27 Invocations
 + Level 9.0 Evocations


You couldn't memorise any spells.
You knew the following spells:

 Your Spells              Type           Power      Damage    Failure   Level
a - Orb of Destruction    Conj           74%        9d17      0%          7
b - Scorch                Fire           100%       2d9       0%          2
c - Volatile Blastmotes   Fire/Tloc      100%       2d18      0%          3
d - Shatter               Erth           62%        3d46*     1%          9
e - Lehudib's Crystal Sp  Conj/Erth      74%        10d17     1%          8
f - Blink                 Tloc           100%       N/A       1%          2
g - Starburst             Conj/Fire      87%        6d22      0%          6
h - Death's Door          Necr           62%        N/A       1%          9
i - Animate Armour        Summ/Erth      100%       N/A       1%          4
j - Ignition              Fire           74%        3d19      1%          8
k - Sticky Flame          Fire/Alch      100%       2d15      1%          4
l - Fire Storm            Conj/Fire      87%        8d22      1%          9
m - Leda's Liquefaction   Alch/Erth      47%        N/A       1%          4
n - Borgnjor's Vile Clut  Necr/Erth      62%        N/A       0%          5

Your spell library contained the following spells:

 Spells                   Type           Power      Damage    Failure   Level
 Foxfire                  Conj/Fire      100%       2x1d9     0%          1
 Kiss of Death            Conj/Necr      100%       2d13      0%          1
 Magic Dart               Conj           100%       1d8       0%          1
 Necrotise                Necr           100%       1d9       0%          1
 Sandblast                Erth           100%       2d20      0%          1
 Shock                    Conj/Air       100%       1d9       0%          1
 Sting                    Conj/Alch      100%       1d9       0%          1
 Momentum Strike          Conj/Tloc      100%       3d10      0%          2
 Searing Ray              Conj           100%       2d8       0%          2
 Static Discharge         Conj/Air       100%       3-8/arc   0%          2
 Sublimation of Blood     Necr           100%       N/A       0%          2
 Dazzling Flash           Conj/Hex       100%       N/A       0%          3
 Fugue of the Fallen      Necr           100%       N/A       0%          3
 Hailstorm                Conj/Ice       100%       3d16      0%          3
 Inner Flame              Hex/Fire       100%       N/A       0%          3
 Passwall                 Erth           100%       N/A       0%          3
 Stone Arrow              Conj/Erth      100%       3d13      0%          3
 Vampiric Draining        Necr           100%       2d13      0%          3
 Animate Dead             Necr           100%       N/A       0%          4
 Brom's Barrelling Bould  Conj/Erth      100%       2d11      0%          4
 Dispel Undead            Necr           100%       3d31      0%          4
 Flame Wave               Conj/Fire      100%       2d21      0%          4
 Curse of Agony           Necr           100%       N/A       0%          5
 Fireball                 Conj/Fire      87%        3d32      0%          5
 Iskenderun's Battlesphe  Conj           100%       2d15      0%          5
 Lee's Rapid Deconstruct  Erth           62%        3d28*     0%          5
 Bombard                  Conj/Erth      74%        9d12      0%          6
 Death Channel            Necr           62%        N/A       0%          6
 Apportation              Tloc           100%       N/A       1%          1
 Freeze                   Ice            100%       1d10      1%          1
 Slow                     Hex            100%       N/A       1%          1
 Summon Small Mammal      Summ           100%       N/A       1%          1
 Call Imp                 Summ           90%        N/A       1%          2
 Cigotuvi's Dreadful Rot  Necr/Alch/Air  100%       N/A       1%          2
 Ensorcelled Hibernation  Hex/Ice        90%        N/A       1%          2
 Jinxbite                 Hex            90%        N/A       1%          2
 Lesser Beckoning         Tloc           100%       N/A       1%          2
 Mercury Vapours          Alch/Air       90%        N/A       1%          2
 Maxwell's Portable Pile  Tloc           66%        2d(11-33) 1%          3
 Mephitic Cloud           Conj/Alch/Air  100%       N/A       1%          3
 Teleport Other           Tloc           66%        N/A       1%          3
 Anguish                  Hex/Necr       47%        N/A       1%          4
 Fulminant Prism          Conj/Alch      58%        3d24      1%          4
 Ignite Poison            Fire/Alch      100%       N/A       1%          4
 Iskenderun's Mystic Bla  Conj/Tloc      100%       2d19      (+2d11%     4
 Martyr's Knell           Necr/Summ      95%        N/A       1%          4
 Passage of Golubria      Tloc           66%        N/A       1%          4
 Petrify                  Alch/Erth      95%        N/A       1%          4
 Summon Blazeheart Golem  Fire/Summ      100%       N/A       1%          4
 Arcjolt                  Conj/Air       58%        1d68      1%          5
 Freezing Cloud           Conj/Ice/Air   51%        6-21      1%          5
 Irradiate                Conj/Alch      58%        3d31      1%          5
 Conjure Ball Lightning   Conj/Air       58%        3x3d21    1%          6
 Permafrost Eruption      Ice/Erth       47%        2x4d11    1%          6
 Plasma Beam              Fire/Air       58%        2x1d74    1%          6
 Borgnjor's Revivificati  Necr           62%        N/A       1%          8
 Infestation              Necr           62%        N/A       1%          8
 Call Canine Familiar     Summ           45%        N/A       3%          3
 Confusing Touch          Hex            45%        N/A       3%          3
 Frozen Ramparts          Ice            90%        1d14      3%          3
 Ozocubu's Armour         Ice            45%        N/A       3%          3
 Sigil of Binding         Hex            45%        N/A       3%          3
 Summon Ice Beast         Ice/Summ       45%        N/A       3%          3
 Swiftness                Air            45%        N/A       3%          3
 Tukima's Dance           Hex            45%        N/A       3%          3
 Haunt                    Necr/Summ      47%        N/A       3%          7
 Magnavolt                Erth/Air       47%        3d20      3%          7
 Rimeblight               Ice/Necr       47%        2d8       (prima3%    7
 Seismic Cannonade        Alch/Erth      47%        6d15      3%          7
 Spellforged Servitor     Conj/Summ      58%        N/A       3%          7
 Dimensional Bullseye     Hex/Tloc       28%        N/A       4%          4
 Vhi's Electric Charge    Tloc/Air       100%       N/A       4%          4
 Airstrike                Air            22%        2d(4-20)  11%         4
 Cause Fear               Hex            22%        N/A       11%         4
 Olgreb's Toxic Radiance  Alch           45%        N/A       11%         4
 Summon Lightning Spire   Summ/Air       45%        N/A       11%         4
 Summon Forest            Summ/Tloc      28%        N/A       13%         5
 Dispersal                Tloc           33%        N/A       28%         6
 Gell's Gavotte           Tloc           33%        2d(26-38) 28%         6
 Fulsome Fusillade        Conj/Alch      58%        (3-5)d17  28%         8
 Alistair's Intoxication  Alch           30%        N/A       30%         5
 Metabolic Englaciation   Hex/Ice        22%        N/A       30%         5
 Silence                  Hex/Air        22%        N/A       30%         5
 Summon Mana Viper        Hex/Summ       45%        N/A       30%         5
 Yara's Violent Unravell  Hex/Alch       22%        3d10      30%         5
 Manifold Assault         Tloc           33%        N/A       83%         7
 Eringya's Noxious Bog    Alch           22%        4d6       86%         6
 Sculpt Simulacrum        Ice/Alch       22%        N/A       86%         6
 Summon Cactus Giant      Summ           22%        N/A       86%         6
 Malign Gateway           Summ/Tloc      28%        N/A       98%         7
 Chain Lightning          Conj/Air       58%        3d78      99%         9
 Enfeeble                 Hex            22%        N/A       100%        7
 Monstrous Menagerie      Summ           22%        N/A       100%        7
 Ozocubu's Refrigeration  Ice            22%        4d12      100%        7
 Summon Hydra             Summ           22%        N/A       100%        7
 Discord                  Hex            22%        N/A       100%        8
 Disjunction              Tloc           33%        N/A       100%        8
 Maxwell's Capacitive Co  Air            22%        ∞         100%        8
 Summon Horrible Things   Summ           22%        N/A       100%        8
 Dragon's Call            Summ           22%        N/A       100%        9
 Polar Vortex             Ice            22%        12d3*     100%        9


Dungeon Overview and Level Annotations

Branches:
Dungeon (15/15)            Temple (1/1) D:4            Lair (5/5) D:8
  Swamp (4/4) Lair:2        Snake (4/4) Lair:3        Slime (5/5) Lair:5
    Orc (2/2) D:12            Elf (3/3) Orc:2        Vaults (5/5) D:14
  Crypt (3/3) Vaults:2       Tomb (3/3) Crypt:3      Depths (4/4) D:15
   Hell (visited)             Dis (7/7) Hell            Geh (7/7) Hell
    Coc (7/7) Hell            Tar (7/7) Hell            Zot (5/5) Depths:4
  Sewer (visited)         Desolation (visited)      Gauntlet (visited)

Altars:
Ashenzari
Cheibriados
Dithmenos
Elyvilon
Fedhas
Gozag
Hepliaklqana
Kikubaaqudgha
Makhleb
Nemelex Xobeh
Okawaru
Qazlal
Ru
Sif Muna
Trog
Uskayaw
Vehumet
Wu Jian
Xom
Yredelemnul
Zin
The Shining One
Beogh
Jiyva
Lugonu

Shops:
D:9 *   Orc:2 (**?   Elf:1 [   Elf:2 =   Elf:3 =   Vaults:1 (   Vaults:2 ?
Vaults:4 :   Vaults:5 ?[   Zot:3 *   Depths:3 *[[

Portals:
Hell: Depths:1 Depths:2 Depths:3 Depths:4
Abyss: Dis:6 Depths:2 Depths:3
Pandemonium: Depths:1 Depths:2

Annotations:
D:4 1 runed translucent door, Crazy Yiuf
Swamp:4 2 transporters, Takeo's ghost, adept CoBe
Elf:2 5 runed translucent doors
Zot:3 3 runed translucent doors, exclusion: obsidian statue, Urrokkic's ghost, master HuWn


Innate Abilities, Weirdness & Mutations

Your spellcasting is much less encumbered by armour.
You can use scrolls of enchantment on lesser artefacts.
You are partially covered in iridescent scales. (AC +2)
You sometimes lose your temper in combat.
Your mind is acute. (Int +4, Str/Dex -1)
Your body sometimes deteriorates upon taking damage.
Your flesh is heat resistant. (rF+)
You occasionally lose the ability to drink potions when taking damage.


Message History

Press: ? - help, Dir - move target, f/p - Tzitzimitl
Aim: a Tzitzimitl (flame, severely wounded)
You feel a strong surge of power!
A raging storm of fire appears!
The great blast of fire engulfs the Tzitzimitl!!!
You kill the Tzitzimitl!
Sif Muna accepts your kill.
What level of the Dungeon? (default 1, ? - help)
A toenail golem comes into view.
Casting: Fire Storm (mildly dangerous; 1% risk of failure)
Confirm with . or Enter, or press ? or * to list all spells.
Aiming: Lehudib's Crystal Spear (mildly dangerous; 1% risk of failure)
Press: ? - help, Shift-Dir - straight line, f - toenail golem
Aim: a toenail golem (95% to hit)
You feel a surge of power!
The crystal spear hits the toenail golem!!!!
You destroy the toenail golem!
Sif Muna accepts your kill.
Your Evocations skill increases to level 9!
What level of the Dungeon? (default 1, ? - help)
A chaos spawn comes into view.
Casting: Lehudib's Crystal Spear (mildly dangerous; 1% risk of failure)
Confirm with . or Enter, or press ? or * to list all spells.
Aiming: Lehudib's Crystal Spear (mildly dangerous; 1% risk of failure)
Press: ? - help, Shift-Dir - straight line, f - chaos spawn
Aim: a chaos spawn (81% to hit)
You feel a surge of power!
The crystal spear hits the chaos spawn!!!!
You kill the chaos spawn!
Sif Muna accepts your kill.
The chaos spawn degenerates into a cloud of primal chaos!
There is a stone staircase leading up here.
You fly upwards.
There is a stone staircase leading down here.
There is an open door here.
There is an open door here.
You reach down and open the door.
There is an open door here.
There is a large open door here.
There is a staircase leading out of the dungeon here.
You have escaped!

.............#.....#...#.)...#...
.............#.....'...'..>..#...
......##.#...#.....##.##.....#...
###.#.##.#...###'####.########...
#......#........##...##........
#...............##[..##........
#.####.....###''###.####'###...
#.# ##.....#.....##.##.....#...
#.###......#..@..+...#.....#...
#.##...#...#.....#...#.....#..#
#..........#######...#######...
###............................##
.....#...########...........#..#
##...#...# ##..............##
.....##.## #..............##
.##..#..# #............###
.##÷#..## #..>.........#


There were no monsters in sight!

Vanquished Creatures
  Cerebov (Pan)
  Antaeus (Coc:7)
  Asmodeus (Geh:7)
  Dissolution (Slime:4)
  Mnoleg (Pan)
  the Royal Jelly (Slime:5)
  A seraph (Pan)
  Gloorx Vloq (Pan)
  Ereshkigal (Tar:7)
  the Serpent of Hell (Geh:7)
  Lom Lobon (Pan)
  6 dread liches
  Dispater (Dis:7)
  6 ancient liches
  Khufu (Crypt:2)
  Mennas (Pan)
  3 orbs of fire (Zot:5)
  5 juggernauts
  32 royal mummies
  Sojobo (Vaults:2)
  Vv (Zot:1)
  6 Killer Klowns (Zot:5)
  15 shard shrikes
  Geryon (Hell)
  42 caustic shrikes
  3 curse toes
  Vashnia (Snake:2)
  8 pandemonium lords
  15 golden dragons
  25 profane servitors
  2 pearl dragons (Pan)
  Nikola (Elf:2)
  9 doom hounds
  22 bone dragons
  32 Tzitzimimeh
  5 electric golems
  18 Brimstone Fiends
  5 iron giants
  11 hellephants
  A spectral shard shrike (Tar:2)
  Mlioglotl (Snake:3)
  29 Hell Sentinels
  Rupert (D:15)
  Zenata (Crypt:2)
  28 tainted leviathans
  21 tentacled monstrosities
  24 Ice Fiends
  15 liches
  27 Orb Guardians
  A walking frostbound tome (Depths:2)
  2 deep elf blademasters
  4 deep elf master archers
  16 titans
  24 acid blobs
  16 searing wretches
  35 ancient champions
  7 quicksilver dragons
  9 sphinxes
  11 tentacled starspawn
  34 Executioners
  A thorn hunter (Zig:20)
  An eldritch tentacle (Pan)
  2 death cobs
  9 tengu reavers
  15 shadow dragons
  Kirke (D:15)
  25 demonspawn warmongers (Pan)
  4 revenants
  Gastronok (Lair:1)
  18 nagarajas
  8 fenstrider witches
  14 storm dragons
  5 draconian knights
  Aizul (Snake:2)
  56 daevas
  12 draconian monks
  17 protean progenitors
  12 rockslimes
  15 narguns
  16 frost giants
  An imperial myrmidon (Desolation)
  17 fire giants
  18 quicksilver elementals
  10 iron dragons
  10 emperor scorpions
  18 azure jellies
  A draconian shifter (Zot:1)
  7 deep elf sorcerers
  9 ghost moths
  A spectral juggernaut (Tar:5)
  22 vault wardens
  Louise (Swamp:2)
  6 draconian scorchers
  The ghost of zyxw121 the Warrior, a journeyman MiBe of Trog (Snake:1)
  4 deep elf elementalists
  62 cacodemons
  4 curse skulls
  3 orc warlords
  2 caustic shrike zombies (Crypt:3)
  7 shard shrike simulacra
  15 demonspawn corrupters (Pan)
  6 ghouls
  68 balrugs
  112 angels (Pan)
  2 spectral caustic shrikes
  13 draconian annihilators
  19 ironbound preservers
  4 caustic shrike skeletons (Pan)
  4 broodmothers
  16 demonspawn blood saints (Pan)
  A draconian stormcaller (Zot:2)
  8 juggernaut skeletons
  45 ophanim (Pan)
  15 quicksilver oozes
  42 reapers
  25 very ugly things
  3 spriggan defenders
  15 stone giants
  12 green draconians
  7 ironbound thunderhulks
  4 formless jellyfish
  16 bennus
  23 elemental wellsprings
  11 deep elf demonologists
  31 lorocyprocas
  A minotaur (Gauntlet)
  5 vampire knights
  17 demonspawn black suns (Pan)
  12 eleionomae
  125 apis (Pan)
  7 purple draconians
  12 black draconians
  2 spectral titans
  4 dire elephants (Vaults:1)
  28 putrid mouths
  6 halazid warlocks
  9 bunyips
  8 spark wasps
  9 deep elf death magi
  8 red draconians
  15 deep elf annihilators
  15 yellow draconians
  21 iron golems
  44 war gargoyles
  15 white draconians
  13 wendigos
  Josephine (Orc:2)
  8 eidola
  4 merfolk javelineers (Zig:18)
  A spectral quicksilver dragon (Tar:5)
  6 jiangshi (Crypt:1)
  33 blizzard demons (Pan)
  33 green deaths
  3 merfolk impalers (Zig:18)
  24 mummy priests
  A spectral iron giant (Tar:4)
  5 ettins
  6 ragged hierophants (Desolation)
  5 crystal guardians
  15 fire dragons
  A spectral golden dragon (Zig:21)
  15 deep elf high priests
  7 entropy weavers
  A spectral kraken (Tar:7)
  A quicksilver dragon zombie (Crypt:3)
  2 spectral spriggans
  13 yaktaur captains
  A spectral tengu (Zig:21)
  6 ice dragons
  6 caustic shrike simulacra
  8 rakshasas
  A spectral shadow dragon (Zig:21)
  A quicksilver dragon skeleton (Crypt:2)
  9 peacekeepers
  Harold (D:9)
  A fenstrider witch zombie (Crypt:1)
  3 servants of whispers (Desolation)
  Erolcha (Orc:2)
  11 great orbs of eyes
  11 alligators
  7 spriggan air magi
  7 juggernaut simulacra
  36 vault guards
  24 hydras
  11 hell beasts
  15 salamander tyrants
  6 boulder beetles
  2 jorogumos
  10 stokers
  9 ogre magi
  2 alligator snapping turtles (Zig:18)
  A sphinx zombie (Depths:1)
  A merfolk avatar (Zig:18)
  10 deep troll shamans
  3 ghost crabs
  3 catoblepae (Lair:5)
  9 anacondas
  53 death scarabs
  A radroach (Zig:6)
  A spectral stone giant (Tar:3)
  21 centaur warriors
  3 death knights
  9 ironbound frosthearts
  25 hell hogs
  20 dancing weapons
  12 deep troll earth magi
  5 merfolk aquamancers
  2 satyrs (Pan)
  8 tengu warriors
  23 two-headed ogres
  14 death yaks
  4 vampire magi
  4 orc high priests
  5 thrashing horrors
  A spectral dire elephant (Tar:7)
  12 naga warriors
  A shock serpent (shapeshifter) (Zig:19)
  4 occultists
  7 spriggan berserkers
  8 shock serpents
  2 spectral nagas
  62 demonic crawlers
  A titan zombie (Vaults:1)
  45 hell knights
  20 naga sharpshooters
  75 soul eaters
  7 skysharks
  7 wretched stars
  64 sixfirhies
  18 spriggans
  196 sun demons
  21 deep elf knights
  7 shadow wraiths
  13 iron trolls
  2 titan skeletons
  20 crystal echidnas
  6 hellephant skeletons (Pan)
  A bunyip zombie (Crypt:3)
  A spectral anaconda (Tar:3)
  49 skeletal warriors
  4 pharaoh ants (Zig:17)
  2 death drakes
  7 spriggan druids
  55 cherubim (Pan)
  An orb spider (Zig:6)
  A salamander mystic (Snake:3)
  6 goliath frogs
  8 quicksilver dragon simulacra
  5 sea snakes (Zig:18)
  An anaconda zombie (Tomb:1)
  3 mana vipers
  8 arcanists
  2 storm dragon skeletons
  A golden dragon zombie (Crypt:3)
  12 bog bodies
  9 flayed ghosts
  72 deep trolls
  20 sun moths (Pan)
  24 ironbound convokers
  41 shadow demons (Pan)
  6 swamp dragons
  10 spriggan simulacra
  10 glowing orange brains
  3 spectral iron dragons
  5 obsidian statues
  A tengu zombie (Crypt:2)
  10 deep elf archers
  13 phantasmal warriors
  5 harpies (Vaults:2)
  2 anaconda skeletons
  5 naga ritualists
  7 orange crystal statues
  2 fenstrider witch simulacra
  18 deep elf zephyrmancers
  22 necromancers
  19 orc knights
  4 obsidian bats
  A shadow dragon skeleton (Crypt:3)
  4 thermic dynamos
  10 lindwurms
  2 fauns (shapeshifter)
  A spectral boulder beetle (Lair:2)
  24 starcursed masses
  3 worldbinders (Abyss:4)
  A tengu skeleton (Tomb:1)
  7 cyclopes
  27 ugly things
  3 shining eyes
  20 deep elf pyromancers
  3 orc sorcerers
  5 wolf spiders
  11 will-o-the-wisps
  17 salamanders
  4 spectral ettins
  10 manticores
  A spectral shock serpent (Snake:1)
  A spectral alligator snapping turtle (Tar:3)
  2 iron dragon skeletons
  A salamander (shapeshifter) (D:14)
  28 moths of wrath
  A toenail golem (D:2)
  4 kobold blastminers
  2 apocalypse crabs
  5 merfolk sirens (Zig:18)
  13 elephants
  A fire giant skeleton (Depths:1)
  68 large abominations
  6 guardian serpents
  7 rust devils
  A spectral centaur (Tar:2)
  5 meliai
  2 spectral mana vipers (Snake:1)
  A dire elephant zombie (Tomb:3)
  A stone giant skeleton (Crypt:1)
  12 naga magi
  7 titan simulacra
  5 torpor snails
  5 water nymphs
  34 black mambas
  A death yak zombie (Crypt:1)
  An alligator snapping turtle zombie (Crypt:2)
  2 human zombies
  16 molten gargoyles
  100 smoke demons
  10 cane toads
  12 eyes of devastation
  16 vault sentinels
  4 gargoyles
  A shock serpent skeleton (Crypt:2)
  11 spectral swamp worms (Tar:7)
  Maggie (D:7)
  2 ice statues
  2 storm dragon simulacra
  71 orange demons
  A cane toad (shapeshifter) (D:13)
  8 komodo dragons
  2 kobold demonologists
  2 dire elephant skeletons
  An unseen horror (Abyss:2)
  3 bunyip simulacra
  52 yaktaurs
  43 hellions
  3 tengu conjurers
  A spectral glowing shapeshifter (Zig:21)
  3 rime drakes
  16 efreet
  5 golden dragon simulacra
  46 guardian mummies
  40 tormentors
  27 freezing wraiths
  5 anaconda simulacra
  2 ice devils (Pan)
  6 ancient zymes
  A harpy zombie (Crypt:3)
  A hydra zombie (Crypt:3)
  3 spectral harpies
  11 trolls
  3 iron giant simulacra
  A troll (shapeshifter) (D:15)
  54 hellwings
  3 bloated husks
  5 silent spectres
  2 polar bears (Lair:5)
  9 red devils
  An alligator simulacrum (Crypt:2)
  A queen bee (Gauntlet)
  12 tyrant leeches
  A raiju (shapeshifter) (Vaults:5)
  A tarantella (Zig:17)
  27 hornets
  7 merfolk (Zig:18)
  37 saltlings (Desolation)
  2 hydra skeletons
  2 wind drakes (Zig:18)
  A wind drake (shapeshifter) (Depths:3)
  A dream sheep (shapeshifter) (Vaults:5)
  2 jumping spiders (Zig:17)
  A harpy skeleton (Tomb:1)
  13 raiju (Abyss:4)
  14 glass eyes
  3 stone giant simulacra
  2 iron dragon simulacra
  A human simulacrum (Hell)
  15 blink frogs
  3 snapping turtles (Zig:18)
  11 dream sheep
  137 slime creatures
  A snapping turtle (shapeshifter) (Depths:3)
  A guardian serpent skeleton (Crypt:2)
  5 centaur simulacra
  A fire dragon zombie (Crypt:3)
  An ettin zombie (Crypt:2)
  A culicivora (Zig:17)
  A black mamba zombie (Tomb:1)
  A spectral black mamba (Tar:1)
  8 air elementals
  3 shadows
  An elf zombie (Vaults:1)
  62 ynoxinuls
  Sigmund (D:4)
  2 spriggan skeletons
  8 water elementals
  19 wraiths
  8 dire elephant simulacra
  4 wyverns
  17 ushabtiu
  54 yaks
  4 basilisks
  A warg (shapeshifter) (D:13)
  A black mamba skeleton (Crypt:1)
  3 golden eyes
  14 wargs
  10 redbacks
  A human (shapeshifter) (Elf:1)
  5 hogs
  43 neqoxecs
  A fire elemental (Elf:2)
  2 alligator snapping turtle simulacra
  14 vampire mosquitoes
  52 chaos spawn
  11 small abominations
  23 harpy simulacra
  26 nagas
  An acid dragon (shapeshifter) (Depths:3)
  22 swamp worms
  6 hell hounds
  3 acid dragons
  2 two-headed ogre zombies (D:12)
  A glowing shapeshifter zombie (Vaults:1)
  19 water moccasins
  Pargi (Sewer)
  8 swamp drakes
  A black bear (shapeshifter) (Vaults:5)
  2 spectral polar bears (Lair:2)
  3 ice beasts
  A guardian serpent simulacrum (Snake:1)
  A merfolk simulacrum (Coc:1)
  6 ettin simulacra
  49 orc warriors
  5 black bears
  A black mamba simulacrum (Crypt:2)
  22 ogres
  33 laughing skulls
  8 wolves
  8 centaurs
  A yaktaur zombie (Crypt:2)
  A rime drake zombie (Crypt:1)
  2 phantoms
  3 weeping skulls
  A spectral water moccasin (Lair:2)
  6 kobold brigands
  7 brain worms
  A demonspawn simulacrum (Crypt:2)
  2 gnoll sergeants (D:11)
  9 bullfrogs
  A wyvern zombie (D:7)
  A cyclops zombie (Crypt:2)
  3 earth elementals
  4 scorpions
  A wyvern skeleton (Crypt:1)
  13 wights
  A troll zombie (D:12)
  12 killer bees
  A spectral wolf (Lair:2)
  6 howler monkeys
  3 electric eels
  14 crimson imps
  A lava snake (Lair:3)
  2 quasits
  2 centaur zombies
  3 hounds (D:5)
  14 naga simulacra
  A bombardier beetle (D:3)
  7 jellies
  23 orc priests
  3 gnoll boudas (D:7)
  2 iron imps (Abyss:4)
  37 orc wizards
  3 human skeletons (Crypt:1)
  7 iguanas
  3 sleepcaps
  22 hell rats
  Ijyb (D:5)
  5 ogre zombies (D:12)
  2 naga zombies
  4 naga skeletons
  An acid dragon skeleton (Crypt:1)
  61 mummies
  21 gnolls
  15 adders
  2 shadow imps (D:6)
  3 white imps
  3 ufetubi (D:5)
  A ribbon worm (shapeshifter) (D:13)
  3 ribbon worms
  3 dart slugs
  95 orcs
  5 ball pythons
  9 endoplasms
  8 giant cockroaches
  9 hobgoblins
  3 jackals (D:1)
  6 quokkas
  3 bats
  2 frilled lizards
  2 gnoll skeletons (D:12)
  A gnoll zombie (D:12)
  A hobgoblin skeleton (Crypt:2)
  27 kobolds
  4 orc skeletons
  20 orc zombies (D:12)
  5 rats
  A rat skeleton (Crypt:2)
  12 aspiring fleshes
  2 creeping infernos
  A fire vortex (Vaults:5)
  A lurking horror (Dis:6)
  9 starspawn tentacles
6068 creatures vanquished.

Vanquished Creatures (collateral kills)
  Tiamat (Zot:2)
  A royal mummy (Tomb:1)
  A golden dragon (Vaults:5)
  A bone dragon (Zig:21)
  An Ice Fiend (Coc:7)
  An ancient champion (Dis:1)
  2 daevas (Pan)
  A cacodemon (Abyss:2)
  A demonspawn black sun (Pan)
  4 apis (Pan)
  2 war gargoyles (Dis:7)
  A red draconian (Zot:4)
  A white draconian (Zot:2)
  A dire elephant (Vaults:2)
  An iron golem (Dis:7)
  A juggernaut simulacrum (Coc:5)
  A radroach (Zig:6)
  A catoblepas (Lair:4)
  3 dancing weapons (Elf:1)
  2 death yaks (Lair:3)
  A death scarab (Tomb:3)
  A naga warrior (Snake:2)
  A skyshark (Pan)
  A sixfirhy (Pan)
  2 wretched stars
  A skeletal warrior (Crypt:3)
  A cherub (Pan)
  2 salamander mystics
  A shadow demon (Pan)
  A deep elf archer (Zig:19)
  A large abomination (Pan)
  A deep elf zephyrmancer (Elf:1)
  A salamander (Snake:4)
  A manticore (Zig:18)
  2 elephants (Lair:3)
  An eye of devastation (Pan)
  A guardian serpent (Snake:4)
  A torpor snail (Lair:2)
  An orange demon (Pan)
  A naga skeleton (Crypt:1)
  A black mamba (Lair:3)
  A molten gargoyle (Desolation)
  3 cane toads
  A rime drake (Lair:4)
  A guardian mummy (Tomb:3)
  A raiju (Zig:7)
  A glass eye (Slime:5)
  4 saltlings (Desolation)
  A water elemental (Elf:3)
  A slime creature (Zig:16)
  A wyvern (Lair:4)
  8 yaks
  An ushabti (Tomb:2)
  A warg (Zig:4)
  A golden eye (Slime:2)
  2 harpy simulacra
  A water moccasin (Lair:3)
  6 wolves
  5 bullfrogs
  2 earth elementals (Elf:1)
  A lava snake (Lair:3)
  A hell rat (Lair:4)
  2 mummies (Tomb:3)
  2 boulders (D:11)
100 creatures vanquished.

Vanquished Creatures (others)
  A titan (Vaults:5)
  An eldritch tentacle (Pan)
  A protean progenitor (Pan)
  A shard shrike simulacrum (Coc:7)
  2 demonspawn blood saints (Pan)
  A wendigo (Coc:7)
  A bunyip (Zig:20)
  A lorocyproca (Pan)
  An occultist (Depths:2)
  A sixfirhy (Pan)
  2 goliath frogs (Zig:20)
  A spriggan simulacrum (Coc:4)
  2 will-o-the-wisps (Zig:20)
  A smoke demon (Pan)
  A tyrant leech (Zig:20)
  3 bloated husks
  2 chaos spawn (Pan)
  A harpy simulacrum (Coc:7)
  A swamp drake (Swamp:4)
  An ettin simulacrum (Coc:7)
  2 small abominations
  2 orcs
  4 boulders (D:11)
  A creeping inferno (Geh:7)
  928 fire vortices
  153 foxfires
  14 starspawn tentacles
1130 creatures vanquished.

Grand Total: 7298 creatures vanquished

Notes
Turn   | Place    | Note
-------+----------+-------------------------------------------
     0 | D:1      | VictorG the Mountain Dwarf Fire Elementalist began the
                  | quest for the Orb.
     0 | D:1      | Reached XP level 1. HP: 14/14 MP: 3/3
   125 | D:1      | Reached skill level 1 in Conjurations
   184 | D:1      | Found a faded altar of an unknown god.
   211 | D:1      | Reached XP level 2. HP: 9/22 MP: 0/4
   214 | D:1      | Reached skill level 1 in Fighting
   291 | D:1      | Prayed at the altar of an unknown god.
   291 | D:1      | Became a worshipper of Sif Muna the Loreminder
   291 | D:1      | Reached * piety under Sif Muna
   376 | D:1      | Learned a level 2 spell: Scorch
   631 | D:2      | Reached skill level 1 in Armour
   864 | D:2      | Reached XP level 3. HP: 28/28 MP: 1/6
  1197 | D:2      | Learned a level 3 spell: Volatile Blastmotes
  1558 | D:2      | Reached XP level 4. HP: 35/35 MP: 1/7
  1625 | D:2      | Reached skill level 1 in Maces & Flails
  2031 | D:3      | Reached XP level 5. HP: 41/41 MP: 3/8
  2080 | D:3      | Learned a level 3 spell: Inner Flame
  2277 | D:3      | Reached ** piety under Sif Muna
  2278 | D:3      | Reached skill level 1 in Translocations
  2903 | D:4      | Found a burning altar of Makhleb.
  3136 | D:4      | Found a staircase to the Ecumenical Temple.
  3145 | Temple   | Entered the Ecumenical Temple
  3180 | D:4      | Identified the +5 scale mail "Kilalinu" {*Slow rElec Int+4}
  3211 | D:4      | Found a shadowy altar of Dithmenos.
  3236 | D:4      | Reached XP level 6. HP: 48/48 MP: 2/10
  3350 | D:4      | Noticed Sigmund
  3371 | D:4      | Killed Sigmund
  3372 | D:4      | Reached skill level 5 in Fire Magic
  3372 | D:4      | Reached skill level 1 in Invocations
  3622 | D:4      | You fall into a shaft and drop 2 floors!
  3643 | D:5      | Entered Level 5 of the Dungeon
  3680 | D:6      | Reached XP level 7. HP: 42/56 MP: 5/11
  3871 | D:6      | Found a glowing drain.
  3918 | Sewer    | Entered a sewer
  4063 | Sewer    | Reached *** piety under Sif Muna
  4098 | Sewer    | Noticed Pargi
  4102 | Sewer    | Killed Pargi
  4210 | Sewer    | Reached XP level 8. HP: 57/63 MP: 6/13
  4267 | Sewer    | Learned a level 4 spell: Flame Wave
  4383 | D:5      | Found an ancient bone altar of Kikubaaqudgha.
  4527 | D:4      | Found a runed translucent door.
  4528 | D:4      | Noticed Crazy Yiuf
  4811 | D:4      | Found a snail-covered altar of Cheibriados.
  4811 | D:4      | Found a glowing silver altar of Zin.
  5536 | D:5      | Learned a level 2 spell: Blink
  5930 | D:5      | Noticed Ijyb
  5937 | D:5      | Killed Ijyb
  6170 | D:6      | Reached XP level 9. HP: 71/71 MP: 7/16
  7185 | D:7      | Reached skill level 5 in Spellcasting
  7226 | D:7      | Reached **** piety under Sif Muna
  7912 | D:7      | Noticed Maggie
  8054 | D:7      | Killed Maggie
  8462 | D:7      | Reached skill level 5 in Invocations
  8837 | D:7      | Reached skill level 5 in Maces & Flails
  8955 | D:7      | Found a basalt altar of Yredelemnul.
  9129 | D:8      | Reached XP level 10. HP: 76/79 MP: 9/18
  9132 | D:8      | Reached skill level 5 in Armour
  9516 | D:8      | Reached skill level 5 in Fighting
 10201 | D:8      | Reached ***** piety under Sif Muna
 10501 | D:8      | Found a staircase to the Lair.
 10501 | D:8      | Noticed an elephant
 10616 | D:8      | Killed an elephant
 10857 | D:9      | Noticed a two-headed ogre
 10869 | D:9      | Noticed Harold
 10973 | D:9      | Received a gift from Sif Muna
 10977 | D:9      | Got Bul Los's Omnibus of Blasts {god gift}
 11241 | D:8      | Reached XP level 11. HP: 67/89 MP: 0/21
 11392 | D:9      | Killed Harold
 11393 | D:9      | Reached skill level 5 in Conjurations
 11393 | D:9      | Reached skill level 10 in Fire Magic
 11512 | D:9      | Killed a two-headed ogre
 11795 | D:9      | Found Onnastra's General Store.
 12286 | D:10     | Entered Level 10 of the Dungeon
 12315 | D:10     | Noticed a centaur warrior
 12340 | D:10     | Killed a centaur warrior
 12917 | D:10     | Identified the staff of the Dragonfly {rElec rF+ Str-3
                  | Int+4 Fire Alchemy}
 12936 | D:10     | Reached skill level 1 in Earth Magic
 13630 | D:10     | Upgraded the game from 0.32-a0-871-ge202e49faa to
                  | 0.32-a0-872-g59262bdc9b
 13657 | D:11     | Reached skill level 1 in Staves
 14070 | D:11     | Learned a level 4 spell: Brom's Barrelling Boulder
 14265 | D:11     | Noticed a skeletal warrior
 14265 | D:11     | Noticed a skeletal warrior
 14266 | D:11     | Found a snail-covered altar of Cheibriados.
 14288 | D:11     | Killed a skeletal warrior
 14312 | D:11     | Killed a skeletal warrior
 14325 | D:11     | Noticed a skeletal warrior
 14379 | D:11     | Killed a skeletal warrior
 14547 | D:11     | Noticed a skeletal warrior
 14576 | D:11     | Killed a skeletal warrior
 14675 | D:11     | Noticed a skeletal warrior
 14693 | D:11     | Killed a skeletal warrior
 14694 | D:11     | Reached XP level 12. HP: 88/97 MP: 3/23
 14838 | D:11     | Noticed a boulder beetle
 15021 | D:10     | Learned a level 3 spell: Stone Arrow
 15073 | D:11     | Killed a boulder beetle
 15626 | Lair:1   | Entered Level 1 of the Lair of Beasts
 15765 | Lair:1   | Reached skill level 5 in Earth Magic
 16028 | Lair:1   | Noticed Gastronok
 16049 | Lair:1   | Killed Gastronok
 17016 | Lair:2   | Reached XP level 13. HP: 104/104 MP: 20/25
 17697 | Lair:2   | Found a staircase to the Swamp.
 18109 | Lair:2   | Received a gift from Sif Muna
 18110 | Lair:2   | Reached skill level 5 in Staves
 18112 | Lair:2   | Got Sif Muna's Grimoire of Dead Concussion {god gift}
 18118 | Lair:2   | Learned a level 4 spell: Animate Armour
 19494 | Lair:3   | Found a staircase to the Snake Pit.
 20062 | Lair:3   | Learned a level 5 spell: Iskenderun's Battlesphere
 20273 | Lair:3   | You fall into a shaft and drop 2 floors!
 20273 | Lair:5   | Entered Level 5 of the Lair of Beasts
 20493 | Lair:4   | Reached skill level 10 in Invocations
 20512 | Lair:4   | Received a gift from Sif Muna
 20559 | Lair:4   | Got Sif Muna's Discursus on Blows {god gift}
 21029 | Lair:3   | Reached XP level 14. HP: 108/111 MP: 10/27
 21155 | Lair:3   | Upgraded the game from 0.32-a0-872-g59262bdc9b to
                  | 0.32-a0-876-gcfddb08e57
 21164 | Lair:3   | Reached skill level 10 in Spellcasting
 21472 | Lair:3   | Learned a level 6 spell: Starburst
 23909 | Lair:5   | Found a viscous altar of Jiyva.
 23909 | Lair:5   | Found a staircase to the Slime Pits.
 23946 | Lair:5   | Identified a scroll of acquirement
 23947 | Lair:5   | Acquired 1334 gold pieces
 23951 | Slime:1  | Entered Level 1 of the Pits of Slime
 25148 | D:12     | Received a gift from Sif Muna
 25178 | D:12     | Got Sif Muna's Vellum of Disjunct Lamentation {god gift}
 25182 | D:12     | Found a staircase to the Orcish Mines.
 25472 | Orc:1    | Entered Level 1 of the Orcish Mines
 26357 | Orc:2    | Entered Level 2 of the Orcish Mines
 26460 | Orc:2    | Found a staircase to the Elven Halls.
 26469 | Orc:2    | Noticed an orc warlord
 26550 | Orc:2    | Reached XP level 15. HP: 76/115 MP: 1/30
 27131 | Orc:2    | Reached skill level 10 in Armour
 27355 | Orc:2    | Found Semyryll's Assorted Antiques.
 27361 | Orc:2    | Found Pohynah's Antique Weapon Shop.
 27367 | Orc:2    | Reached skill level 10 in Conjurations
 27381 | Orc:2    | Received a gift from Sif Muna
 27384 | Orc:2    | Got Giwk's Directory of Venomous Hyperthermia {god gift}
 27602 | Orc:2    | Noticed Erolcha
 27794 | Orc:2    | Found a roughly hewn altar of Beogh.
 27796 | Orc:2    | Killed Erolcha
 27936 | Orc:2    | Found Der Qein's General Store.
 27945 | Orc:2    | Found Wutuxtuh's Magic Scroll Boutique.
 28133 | Orc:2    | Noticed Josephine
 28150 | Orc:2    | Killed Josephine
 28239 | Orc:2    | Bought a scroll of revelation for 97 gold pieces
 28239 | Orc:2    | Bought a scroll of teleportation for 39 gold pieces
 28239 | Orc:2    | Bought a scroll of teleportation for 39 gold pieces
 28239 | Orc:2    | Bought a scroll of identify for 26 gold pieces
 28363 | Orc:2    | Bought a potion of heal wounds for 115 gold pieces
 28363 | Orc:2    | Bought an ichor-stained ring mail for 207 gold pieces
 28363 | Orc:2    | Identified the +5 ring mail of Pandemonium {-Cast Slay+6}
                  | (You bought it in a shop on level 2 of the Orcish Mines)
 28363 | Orc:2    | Bought a scroll of teleportation for 69 gold pieces
 28408 | Orc:2    | Bought a potion of haste for 170 gold pieces
 28408 | Orc:2    | Bought a scroll of teleportation for 51 gold pieces
 28408 | Orc:2    | Bought the +2 pair of slick slippers {slick, slippery,
                  | EV+4} for 459 gold pieces
 28408 | Orc:2    | Found the +2 pair of slick slippers {slick, slippery, EV+4}
 28859 | Orc:2    | Found a burning altar of Makhleb.
 29212 | Orc:1    | Reached skill level 1 in Shields
 29828 | D:12     | Found a bloodstained altar of Trog.
 30740 | D:13     | Found a gate leading to a gauntlet.
 30750 | Gauntlet | Entered a Gauntlet
 30750 | Gauntlet | Found a transporter.
 30879 | Gauntlet | Found a transporter.
 30882 | Gauntlet | Found a transporter.
 30883 | Gauntlet | Found a transporter.
 30891 | Gauntlet | Found a transporter.
 30894 | Gauntlet | Found a transporter.
 30895 | Gauntlet | Found a transporter.
 30903 | Gauntlet | Found a transporter.
 30906 | Gauntlet | Found a transporter.
 30907 | Gauntlet | Found a transporter.
 30915 | Gauntlet | Found a transporter.
 30918 | Gauntlet | Found a transporter.
 30919 | Gauntlet | Found a transporter.
 30930 | Gauntlet | Found a transporter.
 31396 | Gauntlet | Received a gift from Sif Muna
 31497 | Gauntlet | Acquired the +0 plate armour "Nichup" {Rampage Int+6}
 31708 | Lair:1   | Gained mutation: You have a somewhat thin skeletal
                  | structure. (Dex +2, Stealth+) [potion of mutation]
 31708 | Lair:1   | Gained mutation: You are strong-willed. (Will+) [potion of
                  | mutation]
 31708 | Lair:1   | Gained mutation: Your body sometimes deteriorates upon
                  | taking damage. [potion of mutation]
 31708 | Lair:1   | Gained mutation: You are covered in fur. (AC +1) [potion of
                  | mutation]
 32623 | D:13     | Found a shimmering blue altar of Sif Muna.
 32969 | D:14     | Learned a level 4 spell: Sticky Flame
 33255 | D:14     | Found a roughly hewn altar of Beogh.
 33476 | D:14     | Found a blossoming altar of Fedhas.
 33658 | D:14     | Found a gate to the Vaults.
 33911 | D:15     | Entered Level 15 of the Dungeon
 33911 | D:15     | Noticed Rupert
 34163 | D:15     | Noticed Kirke
 34166 | D:15     | Reached XP level 16. HP: 126/126 MP: 25/32
 34226 | D:15     | Killed Kirke
 34781 | D:15     | Received a gift from Sif Muna
 34782 | D:15     | Got Veomapites's Book of Vapourous Minerals {god gift}
 34926 | D:15     | Reached skill level 5 in Shields
 34994 | D:15     | Reached skill level 15 in Fire Magic
 35331 | Swamp:1  | Entered Level 1 of the Swamp
 36086 | Swamp:1  | Learned a level 8 spell: Ignition
 36448 | Swamp:1  | You fall into a shaft and drop 1 floor!
 36542 | Swamp:2  | Noticed Louise
 37037 | Swamp:2  | Killed Louise
 37990 | Swamp:3  | Reached XP level 17. HP: 106/132 MP: 12/34
 38775 | Swamp:4  | Entered Level 4 of the Swamp
 38782 | Swamp:4  | Found a transporter.
 39060 | Swamp:4  | Received a gift from Sif Muna
 39061 | Swamp:4  | Got Sif Muna's Octavo of Fire and Injury {god gift}
 39184 | Swamp:4  | Noticed Takeo's ghost (adept CoBe)
 39474 | Swamp:4  | Found a transporter.
 40417 | Swamp:4  | Got a decaying rune of Zot
 40945 | Snake:1  | Entered Level 1 of the Snake Pit
 41062 | Snake:1  | Identified the +7 great sword "Solass" {heavy, rPois rCorr
                  | Str+3 Stlth+}
 41300 | Snake:1  | Found a runed translucent gate.
 41301 | Snake:1  | Found a runed translucent gate.
 41302 | Snake:1  | Found a runed translucent gate.
 42129 | Snake:1  | Noticed zyxw121's ghost (journeyman MiBe)
 42171 | Snake:1  | Killed zyxw121's ghost
 42279 | Snake:2  | Identified the serpent talisman of a ziggurat {Str+3 Int+2
                  | Stlth+}
 42279 | Snake:2  | Noticed Aizul
 42462 | Snake:2  | Killed Aizul
 43071 | Snake:2  | Noticed Vashnia
 43075 | Snake:2  | Identified the ring "Vaewnel" {rF+ rC+++ rN++ MP+9 Int-3}
 43383 | Snake:2  | Killed Vashnia
 43615 | Snake:2  | Received a gift from Sif Muna
 43618 | Snake:2  | Got Sif Muna's Compilation of the Taurataur {god gift}
 43853 | Snake:2  | Reached XP level 18. HP: 132/139 MP: 17/36
 44979 | Snake:3  | Reached skill level 15 in Spellcasting
 45529 | Snake:3  | Noticed Mlioglotl
 45535 | Snake:3  | Killed Mlioglotl
 46400 | Snake:4  | Entered Level 4 of the Snake Pit
 48498 | Snake:4  | Got a serpentine rune of Zot
 49850 | Elf:1    | Entered Level 1 of the Elven Halls
 49966 | Elf:1    | Found Yfankath's Armour Shop.
 49968 | Elf:1    | Paralysed by an air elemental for 1 turns
 49969 | Elf:1    | Found a radiant altar of Vehumet.
 49972 | Elf:1    | Paralysed by an air elemental for 1 turns
 50342 | Elf:1    | Identified the +2 hand axe of Uguxtees {venom, Fly rPois
                  | Will- Str-5}
 50490 | Elf:1    | Paralysed by an air elemental for 1 turns
 50778 | Elf:1    | Received a gift from Sif Muna
 50784 | Elf:1    | Reached XP level 19. HP: 145/145 MP: 15/38
 51171 | Elf:1    | Found a roughly hewn altar of Beogh.
 51190 | Elf:1    | Found a radiant altar of Vehumet.
 51556 | Elf:2    | Identified the +10 trident of Ymmofew {drain, rCorr Str+2}
 51638 | Elf:2    | Found Oschah's Jewellery Shop.
 51963 | Elf:2    | Noticed Nikola
 51971 | Elf:2    | Killed Nikola
 52169 | Elf:2    | Paralysed by an air elemental for 1 turns
 52188 | Elf:2    | Found a huge runed translucent gate.
 52188 | Elf:2    | Found a huge runed translucent gate.
 52188 | Elf:2    | Found a huge runed translucent gate.
 52188 | Elf:2    | Found a huge runed translucent gate.
 52311 | Elf:2    | Found a huge runed translucent gate.
 52480 | Elf:3    | Entered Level 3 of the Elven Halls
 52682 | Elf:3    | Acquired 660 gold pieces
 53203 | Elf:3    | Found Liefil's Jewellery Boutique.
 53282 | Elf:3    | Paralysed by an air elemental for 1 turns
 53285 | Elf:3    | Paralysed by an air elemental for 1 turns
 53290 | Elf:3    | Paralysed by an air elemental for 1 turns
 53529 | Elf:3    | Received a gift from Sif Muna
 53530 | Elf:3    | Got Sif Muna's Compilation of Sublimation and Pyromania
                  | {god gift}
 54554 | Elf:3    | Paralysed by an air elemental for 1 turns
 54888 | Elf:3    | Identified the +11 orcbow of Precise Incision {elec, rN+
                  | Str+3 Dex+3}
 54891 | Elf:3    | Identified the staff of Moral Flaws {+Blink rF+ Conj Fire}
 54909 | Elf:3    | Identified the +0 pair of gloves "Goocw" {+Blink Int+5}
 54925 | Elf:3    | Identified the +4 chain mail "Viochuv" {rC+ Str+3}
 55010 | Elf:3    | Upgraded the game from 0.32-a0-876-gcfddb08e57 to
                  | 0.32-a0-886-g41c5271027
 55300 | Lair:1   | Learned a level 9 spell: Fire Storm
 55464 | Vaults:1 | Entered Level 1 of the Vaults
 55477 | Vaults:1 | Reached skill level 1 in Evocations
 55739 | Vaults:1 | Found a crumbling gateway.
 55822 | Desolati | Entered the Desolation of Salt
 56318 | Desolati | Reached XP level 20. HP: 133/152 MP: 12/40
 56517 | Desolati | Identified the amulet "Nuschid" {Acrobat rN++}
 56616 | Desolati | Identified the +2 ring mail "Raito" {rElec Str+3}
 56693 | Desolati | Identified the ring "Xyphut" {rPois Will+}
 56770 | Desolati | Received a gift from Sif Muna
 56779 | Desolati | Got Uporabb's Spellbook of the Planar Rebis {god gift}
 56821 | Desolati | Got Ykuihiph's Parchment of Brumous Omens
 57176 | Desolati | Learned a level 7 spell: Orb of Destruction
 57220 | Desolati | Identified the +2 ring mail of Barnacled Freedom {rN+ Str+2
                  | Int+4 Dex+2}
 57908 | Vaults:1 | Found Efragg's Weapon Shop.
 59002 | Vaults:2 | Reached skill level 15 in Conjurations
 59201 | Vaults:2 | Noticed Sojobo
 59208 | Vaults:2 | Killed Sojobo
 59209 | Vaults:2 | Reached skill level 5 in Evocations
 59735 | Vaults:2 | Found a staircase to the Crypt.
 60285 | Vaults:2 | Found Jiest's Magic Scroll Shop.
 60294 | Vaults:2 | Bought a scroll of teleportation for 45 gold pieces
 60294 | Vaults:2 | Bought a scroll of fear for 60 gold pieces
 60294 | Vaults:2 | Bought a scroll of summoning for 142 gold pieces
 60294 | Vaults:2 | Bought a scroll of enchant armour for 112 gold pieces
 60294 | Vaults:2 | Bought a scroll of teleportation for 45 gold pieces
 60739 | Vaults:2 | Received a gift from Sif Muna
 60740 | Vaults:2 | Got Sif Muna's Catalogue of Concussion {god gift}
 60775 | Vaults:2 | Reached XP level 21. HP: 154/158 MP: 8/41
 61380 | Vaults:2 | Identified the +1 hand cannon of Ru's Castigation {flame,
                  | rElec Will++ MP+9 Str-5}
 62282 | Vaults:3 | Identified the +5 leather armour of Wariness {rC+ rCorr
                  | Stlth+}
 62826 | Vaults:3 | Identified the +2 sling of the Feeding Scorpion {speed,
                  | +Blink rPois Dex-4 Stlth-}
 63969 | Vaults:4 | Received a gift from Sif Muna
 64961 | Vaults:4 | Found Cipik's Book Shop.
 66357 | Vaults:5 | Entered Level 5 of the Vaults
 66358 | Vaults:5 | Received a gift from Sif Muna
 66359 | Vaults:5 | Reached XP level 22. HP: 172/172 MP: 43/43
 66362 | Vaults:5 | Reached skill level 27 in Fire Magic
 66363 | Vaults:5 | Noticed a dread lich
 66517 | Vaults:5 | Noticed a golden dragon
 66532 | Vaults:5 | Killed a golden dragon
 66800 | Vaults:5 | Noticed an ancient lich
 66825 | Vaults:5 | Killed an ancient lich
 67011 | Vaults:5 | Reached skill level 10 in Fighting
 67237 | Vaults:5 | Got a silver rune of Zot
 67375 | Vaults:5 | Identified the ring "Deck" {rPois rC+ Will+ rCorr Dex-3
                  | SInv}
 67453 | Vaults:5 | Identified the +6 scale mail of Chill Winds {rF+}
 67486 | Vaults:5 | Noticed an ancient lich
 67487 | Vaults:5 | Received a gift from Sif Muna
 67505 | Vaults:5 | Killed an ancient lich
 67603 | Vaults:5 | Got Sif Muna's Almanac of Execration and the Mantle {god
                  | gift}
 67700 | Vaults:5 | Upgraded the game from 0.32-a0-886-g41c5271027 to
                  | 0.32-a0-893-gf85d74f360
 67953 | Vaults:5 | Identified the +0 mace of Bread {flame, Str+2 Int+3}
 67954 | Vaults:5 | Identified the +3 lajatang of Governance {drain, rF+ Will+
                  | Str-5}
 69024 | Vaults:5 | Found Wocetim's Antique Armour Shoppe.
 69039 | Vaults:5 | Bought a dazzling chain mail for 427 gold pieces
 69039 | Vaults:5 | Identified the +0 chain mail of the Pure Geomancers
                  | {Rampage Fly Dex+2} (You bought it in a shop on level 5 of
                  | the Vaults)
 69039 | Vaults:5 | Bought a twisted robe for 256 gold pieces
 69039 | Vaults:5 | Identified the +0 robe of Gallantry {rC+ rN++} (You bought
                  | it in a shop on level 5 of the Vaults)
 69039 | Vaults:5 | Bought a pair of embroidered gloves for 337 gold pieces
 69565 | Vaults:5 | Found Ygygaix's Magic Scroll Shoppe.
 69570 | Vaults:5 | Bought a scroll of enchant weapon for 172 gold pieces
 69570 | Vaults:5 | Bought a scroll of amnesia for 92 gold pieces
 69570 | Vaults:5 | Bought a scroll of teleportation for 69 gold pieces
 70284 | D:15     | Killed Rupert
 70601 | D:15     | Found a stormy altar of Qazlal.
 71160 | D:15     | Found a staircase to the Depths.
 71232 | Depths:1 | Entered Level 1 of the Depths
 71830 | Depths:1 | Reached XP level 23. HP: 188/188 MP: 44/45
 71865 | Abyss:2  | Cast into level 2 of the Abyss (hell knight)
 72343 | Depths:1 | Escaped the Abyss
 72350 | Depths:1 | Found a one-way gate leading to the halls of Pandemonium.
 72726 | Depths:1 | Upgraded the game from 0.32-a0-893-gf85d74f360 to
                  | 0.32-a0-898-g7811c86cf0
 73426 | Depths:1 | Received a gift from Sif Muna
 73432 | Depths:1 | Found a shimmering altar of Xom.
 73643 | Depths:1 | Found a gateway to Hell.
 75270 | Depths:2 | Reached skill level 10 in Earth Magic
 75585 | Depths:2 | Found a one-way gate to the infinite horrors of the Abyss.
 75913 | Depths:2 | Learned a level 8 spell: Lehudib's Crystal Spear
 76099 | Depths:2 | Received a gift from Sif Muna
 76100 | Depths:2 | Got Barac's Cyclopedia of the Lucent Pestle {god gift}
 76149 | Depths:2 | Reached skill level 15 in Fighting
 77122 | Depths:2 | Found a one-way gateway to a ziggurat.
 78064 | Depths:3 | Found Kuarraypp's General Store.
 78069 | Depths:3 | Found Cowy Zir's Antique Armour Boutique.
 78077 | Depths:3 | Bought a glowing scale mail for 196 gold pieces
 78077 | Depths:3 | Bought a polished plate armour for 784 gold pieces
 78077 | Depths:3 | Identified the +9 plate armour of Wisdom {Str+3} (You
                  | bought it in a shop on level 3 of the Depths)
 78337 | Depths:3 | Reached XP level 24. HP: 186/207 MP: 36/45
 79046 | Depths:3 | Noticed a juggernaut
 79053 | Depths:3 | Killed a juggernaut
 79165 | Depths:3 | Identified the +2 leather armour of Lipirch {Rampage rF-
                  | Int+5 Dex+3}
 79306 | Depths:3 | Identified the +1 orcbow of Governance {freeze, rElec rN+}
 79701 | Depths:3 | Found Gocvimut's Armour Shop.
 80142 | Depths:4 | Entered Level 4 of the Depths
 80327 | Depths:4 | Found a flickering gateway to a bazaar.
 80334 | Bazaar   | Entered a bazaar
 80334 | Bazaar   | Found Gamom's Distillery.
 80334 | Bazaar   | Found Joen Kiy's Magic Scroll Emporium.
 80433 | Bazaar   | Bought a scroll of blinking for 97 gold pieces
 80439 | Bazaar   | Bought a potion of heal wounds for 45 gold pieces
 80439 | Bazaar   | Bought 3 potions of curing for 81 gold pieces
 80439 | Bazaar   | Bought 2 potions of heal wounds for 90 gold pieces
 80604 | Depths:4 | Identified the +5 plate armour of Vlad {Harm Str-5 Int-5
                  | Slay+5}
 80722 | Depths:4 | Noticed a juggernaut
 80740 | Depths:4 | Killed a juggernaut
 81052 | Depths:4 | Found a glowing silver altar of Zin.
 81935 | Depths:4 | Found a gate to the Realm of Zot.
 82296 | Crypt:1  | Entered Level 1 of the Crypt
 82884 | Crypt:1  | Received a gift from Sif Muna
 84240 | Crypt:2  | Reached ****** piety under Sif Muna
 84245 | Crypt:2  | Received a gift from Sif Muna
 84264 | Crypt:2  | Reached XP level 25. HP: 79/222 MP: 18/46
 85091 | Crypt:2  | Noticed Khufu
 85099 | Crypt:2  | Killed Khufu
 85099 | Crypt:2  | Noticed a royal mummy
 85105 | Crypt:2  | Killed a royal mummy
 85527 | Crypt:2  | Received a gift from Sif Muna
 85528 | Crypt:2  | Got Asmodeus's Compilation of Generative Fire {god gift}
 85599 | Crypt:2  | Identified the +2 long sword "Jownat" {drain, ^Fragile
                  | Int+8 Dex+2}
 85674 | Crypt:2  | Noticed Zenata
 85679 | Crypt:2  | Killed Zenata
 86009 | Crypt:2  | Upgraded the game from 0.32-a0-898-g7811c86cf0 to
                  | 0.32-a0-900-g30fb1b0edc
 86044 | Crypt:3  | Entered Level 3 of the Crypt
 86924 | Crypt:3  | Found a staircase to the Tomb.
 86942 | Crypt:3  | Identified the staff of the Thirsty Youths {rC+ Stlth+ Summ
                  | Ice}
 87312 | Crypt:3  | Found a basalt altar of Yredelemnul.
 87352 | Crypt:3  | Identified the +6 dagger of the Lair of Beasts {antimagic,
                  | rPois}
 87777 | Crypt:3  | Reached skill level 15 in Armour
 88201 | Crypt:3  | Noticed an ancient lich
 88211 | Crypt:3  | Killed an ancient lich
 89083 | Slime:2  | Received a gift from Sif Muna
 89084 | Slime:2  | Got Sif Muna's Incunable of the Projective Commander {god
                  | gift}
 89659 | Slime:3  | Paralysed by a formless jellyfish for 1 turns
 89663 | Slime:3  | Paralysed by a formless jellyfish for 1 turns
 89829 | Slime:4  | Noticed Dissolution
 89832 | Slime:4  | Killed Dissolution
 90153 | Slime:5  | Entered Level 5 of the Pits of Slime
 90714 | Slime:5  | Received a gift from Sif Muna
 91005 | Slime:5  | Got Sif Muna's Guide on Ashes and the Boggart {god gift}
 91097 | Slime:5  | Noticed the Royal Jelly
 91101 | Slime:5  | Killed the Royal Jelly
 91266 | Slime:5  | Found the +3 robe of Clouds {*Thunder rCloud rElec}
 91306 | Slime:5  | Identified the staff of Annoyance {rPois rC- rN+ Str+7
                  | Necro}
 91314 | Slime:5  | Identified the +2 hand axe of Joyful Slaughter {flame,
                  | Int+5 Dex+3}
 91324 | Slime:5  | Got a slimy rune of Zot
 91334 | Slime:5  | Identified the +0 cloak of Effutriaz {rF++ Dex+3}
 91347 | Slime:5  | Identified the +4 quarterstaff of Immorality {venom, rPois}
 91348 | Slime:5  | Found the +0 mask of the Dragon {Will+ Slay+3 SInv}
 91351 | Slime:5  | Identified the +8 rapier "Xanige" {venom, rPois rC+}
 91383 | Slime:5  | Identified the +9 scimitar of the Pharaoh's Fist {venom,
                  | Str+4 Int-2 Dex+5}
 91610 | Slime:4  | Reached XP level 26. HP: 144/234 MP: 8/46
 92182 | Depths:2 | Voluntarily entered the Abyss.
 92412 | Abyss:4  | Noticed a dread lich
 92415 | Abyss:4  | Killed a dread lich
 92451 | Abyss:4  | Found a corrupted altar of Lugonu.
 92541 | Abyss:4  | Got an abyssal rune of Zot
 92626 | Abyss:4  | Received a gift from Sif Muna
 92627 | Abyss:4  | Got Sif Muna's Volume of the Sandy Glacier {god gift}
 92648 | Depths:2 | Escaped the Abyss
 92725 | Hell     | Entered the Vestibule of Hell
 92725 | Hell     | Noticed Geryon
 92731 | Hell     | Killed Geryon
 93253 | Hell     | Found a gateway to the Iron City of Dis.
 93686 | Hell     | Found a gateway to the ashen valley of Gehenna.
 93841 | Hell     | Found a gateway to the freezing wastes of Cocytus.
 93929 | Hell     | Found a gateway to the decaying netherworld of Tartarus.
 94077 | Hell     | Upgraded the game from 0.32-a0-900-g30fb1b0edc to
                  | 0.32-a0-909-gc671339a80
 94083 | Coc:1    | Entered Level 1 of Cocytus
 94257 | Coc:3    | Received a gift from Sif Muna
 94258 | Coc:3    | Got Sif Muna's Cyclopedia of Ghastly Lightning {god gift}
 94432 | Coc:4    | Reached skill level 15 in Invocations
 94698 | Coc:6    | Reached skill level 15 in Earth Magic
 95031 | Coc:6    | Gained mutation: You occasionally shout uncontrollably at
                  | your foes. [mutagenic glow]
 95045 | Coc:6    | Gained mutation: You are frail. (-10% HP) [mutagenic glow]
 95048 | Coc:7    | Entered Level 7 of Cocytus
 95058 | Coc:7    | Gained mutation: Armour fits poorly on your strangely
                  | shaped body. [mutagenic glow]
 95070 | Coc:7    | Reached XP level 27. HP: 161/219 MP: 19/47
 95085 | Coc:7    | Gained mutation: Your body often deteriorates upon taking
                  | damage. [mutagenic glow]
 95242 | Coc:7    | Paralysed by a wendigo for 1 turns
 95399 | Coc:7    | Reached skill level 10 in Staves
 96231 | Coc:7    | Paralysed by a wendigo for 1 turns
 96234 | Coc:7    | Paralysed by a wendigo for 1 turns
 96238 | Coc:7    | Paralysed by a wendigo for 1 turns
 96381 | Coc:7    | Identified the +7 war axe "Zykk" {heavy, Will+ Str+2}
 96382 | Coc:7    | Identified the +9 trident of Terra Nullius {heavy, rElec
                  | rPois rCorr Stlth+}
 96620 | Coc:7    | Paralysed by a wendigo for 1 turns
 96892 | Coc:7    | Noticed Antaeus
 96902 | Coc:7    | Killed Antaeus
 97057 | Coc:7    | Got an icy rune of Zot
 97132 | Hell     | Upgraded the game from 0.32-a0-909-gc671339a80 to
                  | 0.32-a0-913-g739538afd8
 97254 | Zot:1    | Entered Level 1 of the Realm of Zot
 98782 | Zot:2    | Noticed Vv
 98793 | Zot:1    | Killed Vv
 99549 | Zot:2    | Found the +4 dragonskin cloak {Aegis}
 99549 | Zot:2    | Noticed Tiamat
 99558 | Zot:2    | Killed Tiamat
 99993 | Zot:2    | Learned a level 9 spell: Shatter
100059 | Zot:2    | Found a transporter.
100270 | Zot:2    | Found a transporter.
100693 | Zot:2    | Noticed a dread lich
100718 | Zot:2    | Killed a dread lich
100733 | Zot:2    | Gained mutation: You have hidden genetic defects. [a
                  | cacodemon]
100877 | Zot:2    | Identified the amulet "Cemnumer" {Reflect Int+4 Dex+3 SH+5
                  | Stlth+}
100910 | Zot:2    | Identified the +7 spear of Mandamus {flame, Will- rCorr
                  | Int+6}
100918 | Zot:2    | Identified the ring of Lybeedoi {rF+ MP+9 Int+3}
100930 | Zot:2    | Identified the +11 glaive of Revolt {spect, ^Contam rC+
                  | Dex+5 Stlth+}
101874 | Zot:3    | Gained mutation: You are occasionally teleported next to
                  | monsters. [hidden defects]
101875 | Zot:3    | Lost mutation: You are occasionally teleported next to
                  | monsters. [potion of mutation]
101875 | Zot:3    | Lost mutation: You are strong-willed. (Will+) [potion of
                  | mutation]
101875 | Zot:3    | Gained mutation: You are strong-willed. (Will+) [potion of
                  | mutation]
101875 | Zot:3    | Gained mutation: You have sharp fingernails. [potion of
                  | mutation]
101875 | Zot:3    | Gained mutation: Your spells are a little harder to cast,
                  | but a little more powerful. [potion of mutation]
101876 | Zot:3    | Lost mutation: You have a somewhat thin skeletal structure.
                  | (Dex +2, Stealth+) [potion of mutation]
101876 | Zot:3    | Lost mutation: You are covered in fur. (AC +1) [potion of
                  | mutation]
101876 | Zot:3    | Lost mutation: You are strong-willed. (Will+) [potion of
                  | mutation]
101877 | Zot:3    | Lost mutation: You have sharp fingernails. [potion of
                  | mutation]
101877 | Zot:3    | Lost mutation: Armour fits poorly on your strangely shaped
                  | body. [potion of mutation]
101877 | Zot:3    | Lost mutation: Your body often deteriorates upon taking
                  | damage. [potion of mutation]
101877 | Zot:3    | Gained mutation: You possess an exceptional clarity of
                  | mind. [potion of mutation]
101877 | Zot:3    | Gained mutation: Your system is resistant to poisons.
                  | (rPois) [potion of mutation]
101968 | Zot:3    | Found a runed translucent gate.
101969 | Zot:3    | Found a runed translucent gate.
101970 | Zot:3    | Found a runed translucent gate.
101971 | Zot:3    | Found an opulent altar of Gozag.
101972 | Zot:3    | Noticed Urrokkic's ghost (master HuWn)
101974 | Zot:3    | Found Zueluemi's Assorted Antiques.
103556 | Zot:5    | Entered Level 5 of the Realm of Zot
103689 | Zot:5    | Gained mutation: Your magical capacity is low. (-10% MP)
                  | [hidden defects]
103689 | Zot:5    | Lost mutation: You have hidden genetic defects. [hidden
                  | defects expressed]
103809 | Zot:5    | Lost mutation: You occasionally shout uncontrollably at
                  | your foes. [potion of mutation]
103809 | Zot:5    | Lost mutation: You are frail. (-10% HP) [potion of
                  | mutation]
103809 | Zot:5    | Lost mutation: Your magical capacity is low. (-10% MP)
                  | [potion of mutation]
103809 | Zot:5    | Gained mutation: Your body often deteriorates upon taking
                  | damage. [potion of mutation]
103809 | Zot:5    | Lost mutation: Your system is resistant to poisons. (rPois)
                  | [potion of mutation]
103809 | Zot:5    | Gained mutation: You passively map a small area around you.
                  | [potion of mutation]
103944 | Zot:5    | Received a gift from Sif Muna
104122 | Zot:5    | Got Sif Muna's Omnibus of Consolidated Shadows {god gift}
104291 | Zot:5    | Identified the +6 trident of Gluttony {venom, rElec}
104366 | Zot:5    | Noticed an orb of fire
104370 | Zot:5    | Gained mutation: You are frail. (-10% HP) [an orb of fire]
104370 | Zot:5    | Noticed an orb of fire
104372 | Zot:5    | Noticed an orb of fire
104378 | Zot:5    | Killed an orb of fire
104382 | Zot:5    | Lost mutation: You passively map a small area around you.
                  | [an orb of fire]
104385 | Zot:5    | Killed an orb of fire
104387 | Zot:5    | Killed an orb of fire
104538 | Zot:5    | Noticed a dread lich
104542 | Zot:5    | Killed a dread lich
105185 | Zot:5    | Noticed a dread lich
105503 | Zot:5    | Killed a dread lich
107026 | Lair:1   | Learned a level 4 spell: Leda's Liquefaction
107261 | Pan      | Entered Pandemonium
108580 | Pan      | Identified the +1 lajatang "Zoaxigipp" {speed, Dex+5}
109336 | Pan      | Lost mutation: You are frail. (-10% HP) [a cacodemon]
109627 | Pan      | Gained mutation: You are vulnerable to heat. (rF-) [a
                  | cacodemon]
109632 | Pan      | Noticed Penidu the pandemonium lord
109652 | Pan      | Killed Penidu the pandemonium lord
109762 | Pan      | Gained mutation: You are weak. (Str -2) [a cacodemon]
110132 | Pan      | Lost mutation: Your spells are a little harder to cast, but
                  | a little more powerful. [a cacodemon]
111016 | Pan      | Found an exit through the horrors of the Abyss.
112850 | Pan      | Noticed Lacet the pandemonium lord
112882 | Pan      | Noticed Mennas
112887 | Pan      | Killed Mennas
113114 | Pan      | Killed Lacet the pandemonium lord
113351 | Pan      | Acquired the amulet "Tuhow" {Acrobat rF+ rC+ Will+ MP+9}
116602 | Pan      | Entered the realm of Gloorx Vloq.
116603 | Pan      | Noticed Gloorx Vloq
116609 | Pan      | Killed Gloorx Vloq
116885 | Pan      | Got a dark rune of Zot
118388 | Pan      | Found an exit through the horrors of the Abyss.
119842 | Pan      | Reached skill level 1 in Long Blades
120126 | Pan      | Found a huge runed translucent gate.
120127 | Pan      | Found a huge runed translucent gate.
120128 | Pan      | Found a huge runed translucent gate.
120128 | Pan      | Found a huge runed translucent gate.
120128 | Pan      | Found a huge runed translucent gate.
120128 | Pan      | Found a huge runed translucent gate.
120169 | Pan      | Found a huge runed translucent gate.
120486 | Pan      | Noticed Roamih the pandemonium lord
120496 | Pan      | Killed Roamih the pandemonium lord
120610 | Pan      | Found an exit through the horrors of the Abyss.
121597 | Pan      | Gained mutation: You expend magic power (3 MP) to
                  | strengthen your wands. [a cacodemon]
123451 | Pan      | Entered the realm of Mnoleg.
124171 | Pan      | Gained mutation: You are frail. (-10% HP) [a cacodemon]
124910 | Pan      | Reached skill level 5 in Long Blades
125741 | Pan      | Noticed Mnoleg
126303 | Pan      | Gained mutation: You are dopey. (Int -2) [a cacodemon]
126534 | Pan      | Upgraded the game from 0.32-a0-913-g739538afd8 to
                  | 0.32-a0-918-g0f22ef8d61
126605 | Pan      | Gained mutation: You have hidden genetic defects. [a
                  | cacodemon]
127375 | Pan      | Killed Mnoleg
127480 | Pan      | Got a glowing rune of Zot
127502 | Pan      | Identified the +4 sling "Saaheyge" {heavy, Int+3}
128005 | Pan      | Entered the realm of Lom Lobon.
128032 | Pan      | Gained mutation: You are vulnerable to cold. (rC-) [hidden
                  | defects]
128468 | Pan      | Reached skill level 5 in Dodging
129682 | Pan      | Gained mutation: You are very weak. (Str -4) [hidden
                  | defects]
129682 | Pan      | Lost mutation: You have hidden genetic defects. [hidden
                  | defects expressed]
129818 | Pan      | Noticed Lom Lobon
129832 | Pan      | Killed Lom Lobon
130210 | Pan      | Got a magical rune of Zot
131300 | Pan      | Noticed Iplyrino the pandemonium lord
131303 | Pan      | Killed Iplyrino the pandemonium lord
132013 | Pan      | Reached skill level 1 in Necromancy
132322 | Pan      | Identified the +6 short sword of the Riding Gods {protect,
                  | Str+4}
132638 | Pan      | Found a glowing silver altar of Zin.
133375 | Pan      | Reached skill level 27 in Earth Magic
135953 | Pan      | Reached skill level 5 in Necromancy
136294 | Pan      | Identified the +8 war axe "Liunly" {holy, rC+}
136670 | Pan      | Found a glowing golden altar of the Shining One.
136671 | Pan      | Identified the ring "Nexkutow" {+Blink rPois rN+ Will-
                  | Int+5}
136671 | Pan      | Noticed a seraph
136680 | Pan      | Killed a seraph
136786 | Pan      | Identified the +5 tower shield of Amunloi {Rampage rPois
                  | rCorr MP-9}
136821 | Pan      | Got a demonic rune of Zot
136837 | Pan      | Identified the +3 quarterstaff of Oozing Pus {venom, rN+}
137475 | Pan      | Identified the +0 buckler "Zyluaxus" {rElec rCorr Str+6
                  | Dex-4}
137559 | Pan      | Learned a level 5 spell: Borgnjor's Vile Clutch
139600 | Pan      | Found a white marble altar of Elyvilon.
139601 | Pan      | Identified the +5 tower shield "Boluc" {rElec Int+3}
140601 | Pan      | Upgraded the game from 0.32-a0-918-g0f22ef8d61 to
                  | 0.32-a0-921-g04a7ad8e02
143077 | Pan      | Upgraded the game from 0.32-a0-921-g04a7ad8e02 to
                  | 0.32-a0-928-g1cae6b7ea0
144798 | Pan      | Identified the +0 tower shield of Bitterness {Will+}
145287 | Pan      | Upgraded the game from 0.32-a0-928-g1cae6b7ea0 to
                  | 0.32-a0-931-g5a2cda0630
146578 | Pan      | Identified the +0 tower shield "Piobusil" {rPois Slay+5
                  | Stlth+}
146679 | Pan      | Reached skill level 27 in Fighting
147466 | Pan      | Identified the +14 tower shield of the Big Bang {rC+ Will+
                  | rCorr Stlth+}
147888 | Pan      | Reached skill level 10 in Shields
148358 | Pan      | Upgraded the game from 0.32-a0-931-g5a2cda0630 to
                  | 0.32-a0-938-g40ac7a0f4d
149234 | Pan      | Entered the realm of Cerebov.
149371 | Pan      | Found an exit through the horrors of the Abyss.
150650 | Pan      | Identified the +1 robe "Vynouren" {Rampage rF+ Slay+2}
150650 | Pan      | Identified the ring of the Crafting Coward {^Drain Fly
                  | rElec rCorr Int+4}
150983 | Pan      | Identified the staff "Naguxusch" {rElec rC++ Will- Air}
151201 | Pan      | Identified the ring of Koasedu {MP+9 Str+3}
151469 | Pan      | Reached skill level 15 in Shields
151804 | Pan      | Found the +6 sword of Cerebov {flame}
151804 | Pan      | Noticed Cerebov
151827 | Pan      | Killed Cerebov
152192 | Pan      | Identified the +0 leather armour of Grace {rF+ rC+ Int-4}
152287 | Pan      | Got a fiery rune of Zot
152299 | Pan      | Identified the +6 scale mail of Lies {*Corrode Str+4 Int+2}
152849 | Pan      | Upgraded the game from 0.32-a0-938-g40ac7a0f4d to
                  | 0.32-a0-960-g3814254bd7
152853 | Pan      | Received a gift from Sif Muna
152854 | Pan      | Got Sif Muna's Grimoire of Sepulchral Ignition {god gift}
153268 | Pan      | Took an exit into the Abyss.
153268 | Abyss:4  | Escaped into the Abyss
153291 | Depths:2 | Escaped the Abyss
153949 | Depths:2 | Lost mutation: You expend magic power (3 MP) to strengthen
                  | your wands. [potion of mutation]
153949 | Depths:2 | Lost mutation: You are very weak. (Str -4) [potion of
                  | mutation]
153949 | Depths:2 | Gained mutation: You are very frail. (-20% HP) [potion of
                  | mutation]
153949 | Depths:2 | Gained mutation: You passively dampen the noise of your
                  | surroundings. [potion of mutation]
153949 | Depths:2 | Gained mutation: You are agile. (Dex +4, Str/Int -1)
                  | [potion of mutation]
153950 | Depths:2 | Lost mutation: You are dopey. (Int -2) [potion of mutation]
153950 | Depths:2 | Lost mutation: You are very frail. (-20% HP) [potion of
                  | mutation]
153950 | Depths:2 | Lost mutation: Your body often deteriorates upon taking
                  | damage. [potion of mutation]
153951 | Depths:2 | Lost mutation: You are vulnerable to cold. (rC-) [potion of
                  | mutation]
153951 | Depths:2 | Lost mutation: You are vulnerable to heat. (rF-) [potion of
                  | mutation]
153951 | Depths:2 | Lost mutation: You are weak. (Str -2) [potion of mutation]
153951 | Depths:2 | Gained mutation: You passively map a small area around you.
                  | [potion of mutation]
153951 | Depths:2 | Gained mutation: A frigid envelope surrounds you and
                  | freezes all who hurt you. [potion of mutation]
153996 | Zig:1    | Entered Level 1 of a ziggurat
154118 | Zig:2    | Entered Level 2 of a ziggurat
154136 | Zig:3    | Entered Level 3 of a ziggurat
154164 | Zig:3    | Identified the ring of Quugoh {^Drain AC+4 Str-3 Dex+8
                  | Slay+5}
154178 | Zig:4    | Entered Level 4 of a ziggurat
154284 | Zig:4    | Identified the staff of Qazlal's Displeasure {Dex+2 Conj}
154290 | Zig:5    | Entered Level 5 of a ziggurat
154404 | Zig:6    | Entered Level 6 of a ziggurat
154479 | Zig:6    | Identified the +0 chain mail "Muwul" {Dex+3 SInv}
154488 | Zig:7    | Entered Level 7 of a ziggurat
154615 | Zig:7    | Found the +8 mithril axe "Arga" {speed, Will+}
154629 | Zig:7    | Identified the staff "Umaepn" {rPois rF+ Stlth+ Fire}
154646 | Zig:8    | Entered Level 8 of a ziggurat
154775 | Zig:8    | Identified the ring "Ysae" {rPois rN+ AC+4 Str-3 Int+3}
154778 | Zig:8    | Identified the ring of Gisheh {rCorr Str+3}
154799 | Zig:9    | Entered Level 9 of a ziggurat
154807 | Zig:9    | Received a gift from Sif Muna
154905 | Zig:9    | Got Sif Muna's Enchiridion on the Legion and Toxicology
                  | {god gift}
154943 | Zig:9    | Identified the +2 sling of Triumph {speed, rF+}
154956 | Zig:9    | Identified the ring of Ziteu {+Blink rC++ rN+ rCorr MP-9
                  | Dex-5}
154966 | Zig:10   | Entered Level 10 of a ziggurat
155146 | Zig:10   | Identified the staff of Past Mistakes {rPois rF+ Stlth+
                  | Alchemy}
155154 | Zig:10   | Identified the +9 falchion of Anguish {elec, *Noise rPois
                  | Str-4 Dex+7}
155173 | Zig:11   | Entered Level 11 of a ziggurat
155330 | Zig:11   | Identified the +0 ring mail of Hextufah {MP+9}
155350 | Zig:11   | Identified the +7 crystal plate armour of the Untouchables
                  | {Stlth+}
155382 | Zig:12   | Entered Level 12 of a ziggurat
155597 | Zig:12   | Identified the +0 ice dragon scales of the Harvest {rPois
                  | rF- rC++ SInv}
155616 | Zig:13   | Entered Level 13 of a ziggurat
155651 | Zig:13   | Received a gift from Sif Muna
155854 | Zig:13   | Identified the ring "Hauxkimu" {rElec rF+ rN+ MP+9}
155862 | Zig:13   | Identified the staff of Wu Jian's Esteem {rElec rF+ Fire}
155864 | Zig:13   | Identified the amulet "Fixafut" {-Tele rElec Regen+ Int+5}
155896 | Zig:14   | Entered Level 14 of a ziggurat
156075 | Zig:14   | Identified the +5 morningstar of Beamuall {heavy, rElec
                  | rPois Will- rCorr Dex+5}
156085 | Zig:15   | Entered Level 15 of a ziggurat
156388 | Zig:15   | Identified the ring "Xeut" {Fire ^Drain rElec rPois Will++}
156399 | Zig:15   | Identified the +2 ring mail "Wiuvuir" {rF+ rN+ Slay+2 SInv}
156423 | Zig:15   | Identified the amulet of Elyvilon's Benevolence {Acrobat
                  | Will+ Str+2 SInv}
156429 | Zig:16   | Entered Level 16 of a ziggurat
156578 | Zig:16   | Identified the ring "Otiegaj" {rN+ Will+ Dex+6}
156597 | Zig:16   | Lost mutation: You passively map a small area around you.
                  | [potion of mutation]
156597 | Zig:16   | Lost mutation: A frigid envelope surrounds you and freezes
                  | all who hurt you. [potion of mutation]
156597 | Zig:16   | Lost mutation: You are agile. (Dex +4, Str/Int -1) [potion
                  | of mutation]
156597 | Zig:16   | Gained mutation: You are weak. (Str -2) [potion of
                  | mutation]
156597 | Zig:16   | Lost mutation: You are weak. (Str -2) [potion of mutation]
156597 | Zig:16   | Gained mutation: Armour fits poorly on your strangely
                  | shaped body. [potion of mutation]
156597 | Zig:16   | Gained mutation: Your flesh is cold resistant. (rC+)
                  | [potion of mutation]
156598 | Zig:16   | Lost mutation: You are frail. (-10% HP) [potion of
                  | mutation]
156598 | Zig:16   | Lost mutation: You possess an exceptional clarity of mind.
                  | [potion of mutation]
156598 | Zig:16   | Gained mutation: You have large cloven feet. [potion of
                  | mutation]
156598 | Zig:16   | Lost mutation: You passively dampen the noise of your
                  | surroundings. [potion of mutation]
156598 | Zig:16   | Gained mutation: Your muscles are strong. (Str +4, Int/Dex
                  | -1) [potion of mutation]
156599 | Zig:16   | Lost mutation: Your muscles are strong. (Str +4, Int/Dex
                  | -1) [potion of mutation]
156599 | Zig:16   | Lost mutation: Your flesh is cold resistant. (rC+) [potion
                  | of mutation]
156599 | Zig:16   | Lost mutation: Your body sometimes deteriorates upon taking
                  | damage. [potion of mutation]
156599 | Zig:16   | Gained mutation: Your mind is acute. (Int +4, Str/Dex -1)
                  | [potion of mutation]
156599 | Zig:16   | Gained mutation: Your body sometimes deteriorates upon
                  | taking damage. [potion of mutation]
156599 | Zig:16   | Gained mutation: You occasionally lose the ability to drink
                  | potions when taking damage. [potion of mutation]
156600 | Zig:16   | Lost mutation: Armour fits poorly on your strangely shaped
                  | body. [potion of mutation]
156600 | Zig:16   | Lost mutation: You have large cloven feet. [potion of
                  | mutation]
156600 | Zig:16   | Gained mutation: You sometimes lose your temper in combat.
                  | [potion of mutation]
156600 | Zig:16   | Gained mutation: You are partially covered in iridescent
                  | scales. (AC +2) [potion of mutation]
156600 | Zig:16   | Gained mutation: Your flesh is heat resistant. (rF+)
                  | [potion of mutation]
156649 | Zig:17   | Entered Level 17 of a ziggurat
156837 | Zig:17   | Identified the +10 hand axe "Newtbane" {speed, Will+ Str+3
                  | Int+2 Dex+2}
156838 | Zig:17   | Identified the +9 chain mail "Zuroc" {rC+ Stlth+}
156841 | Zig:17   | Identified the +4 shortbow "Waohuruh" {drain, Str+8}
156844 | Zig:17   | Identified the +1 battleaxe of Deriom {flame, Int+5 Dex-3
                  | Stlth+}
156848 | Zig:17   | Identified the +2 robe of Sisk {Will+ Int+3}
156852 | Zig:17   | Identified the +5 mace of the Unspeakable One {flame,
                  | Will+}
156856 | Zig:17   | Identified the +2 short sword of Extinguishment {heavy,
                  | Int+3 Dex+2}
156870 | Zig:18   | Entered Level 18 of a ziggurat
157116 | Zig:18   | Identified the ring "Liadd" {rPois rN+ Str+5 Dex+3 Slay-2}
157122 | Zig:18   | Identified the staff "Gyck" {^Fragile rPois Str+3 Int+2 Ice
                  | Alchemy}
157127 | Zig:18   | Identified the +0 chain mail of Starshine {Regen+ Str+2}
157134 | Zig:19   | Entered Level 19 of a ziggurat
157162 | Zig:19   | Reached skill level 27 in Shields
157368 | Zig:19   | Identified the ring "Qearosh" {rF++ rC+ AC+4 Int+3}
157370 | Zig:19   | Identified the +2 whip "Oqeoth" {elec, rPois}
157374 | Zig:19   | Identified the +0 leather armour of Responsibility {rElec
                  | rC+}
157396 | Zig:20   | Entered Level 20 of a ziggurat
157679 | Zig:20   | Identified the ring of Vuckar {rC+ Str+3 Dex+3 SInv}
157689 | Zig:20   | Identified the ring "Poixer" {rPois rN++ rCorr Int+5}
157691 | Zig:20   | Identified the +0 chain mail of Sloth {rElec}
157693 | Zig:20   | Identified the +5 short sword of Fragile Peace {antimagic,
                  | *Slow rPois Stlth+}
157699 | Zig:20   | Identified the +3 great sword "Kokikh" {spect, *Slow Will++
                  | Int+4}
157703 | Zig:20   | Identified the +7 orcbow of Wyafoej {freeze, rPois Dex+2}
157713 | Zig:21   | Entered Level 21 of a ziggurat
157828 | Zig:21   | Noticed an ancient lich
157831 | Zig:21   | Killed an ancient lich
158244 | Zig:21   | Identified the ring "Feli" {+Blink rElec rF+ rN+}
158264 | Zig:21   | Identified the staff of Bion {+Blink rPois Int+8 Stlth-
                  | Alchemy}
158265 | Zig:21   | Identified the +1 shortbow of the Pharaoh's Fist {elec,
                  | ^Contam rC++ Will+ Stlth+}
158925 | Geh:1    | Entered Level 1 of Gehenna
159058 | Geh:2    | Reached skill level 10 in Necromancy
160323 | Geh:7    | Entered Level 7 of Gehenna
161026 | Geh:7    | Reached skill level 15 in Necromancy
161405 | Geh:7    | Identified the +0 troll leather armour of True Grit {Regen+
                  | Str+3 Int-4 Dex+4}
161724 | Geh:7    | Noticed the Serpent of Hell
161738 | Geh:7    | Killed the Serpent of Hell
161960 | Geh:7    | Identified the amulet "Keirphei" {Acrobat rF+}
161986 | Geh:7    | Found the +13 sceptre of Asmodeus
161986 | Geh:7    | Noticed Asmodeus
161998 | Geh:7    | Killed Asmodeus
162093 | Geh:7    | Got an obsidian rune of Zot
162684 | Depths:2 | Voluntarily entered the Abyss.
162684 | Abyss:4  | Found a corrupted altar of Lugonu.
162684 | Abyss:4  | Found a corrupted altar of Lugonu.
162704 | Abyss:4  | Found a corrupted altar of Lugonu.
162927 | Abyss:4  | Reached skill level 10 in Long Blades
162942 | Depths:2 | Escaped the Abyss
163158 | Dis:1    | Entered Level 1 of the Iron City of Dis
163158 | Dis:1    | Noticed an ancient lich
163160 | Dis:1    | Killed an ancient lich
163370 | Dis:1    | You are sucked into a shaft and drop 1 floor!
163527 | Dis:3    | Reached skill level 27 in Invocations
163532 | Dis:3    | Noticed a dread lich
163537 | Dis:3    | Killed a dread lich
163538 | Dis:3    | Reached skill level 27 in Spellcasting
164342 | Dis:6    | Noticed an ancient lich
164344 | Dis:6    | Killed an ancient lich
164490 | Dis:6    | Found a corrupted altar of Lugonu.
164841 | Dis:7    | Entered Level 7 of the Iron City of Dis
164877 | Dis:7    | Reached skill level 10 in Dodging
166506 | Dis:7    | Identified the +2 flail "Gram" {flame, rC+ Will+}
166507 | Dis:7    | Identified the +2 hand axe of Mourning {pain, *Rage rC+
                  | rCorr Int+3}
167118 | Dis:7    | Noticed a juggernaut
167124 | Dis:7    | Killed a juggernaut
167154 | Dis:7    | Noticed a juggernaut
167157 | Dis:7    | Killed a juggernaut
167602 | Dis:7    | Noticed Dispater
167613 | Dis:7    | Killed Dispater
167759 | Dis:7    | Identified the +8 glaive of Yciryeg {protect, Will+}
167764 | Dis:7    | Got an iron rune of Zot
167797 | Dis:7    | Noticed a juggernaut
167800 | Dis:7    | Killed a juggernaut
167898 | Tar:1    | Entered Level 1 of Tartarus
169747 | Tar:7    | Entered Level 7 of Tartarus
170508 | Tar:7    | Reached skill level 27 in Armour
170578 | Tar:7    | Noticed a dread lich
170582 | Tar:7    | Killed a dread lich
172917 | Tar:7    | Reached skill level 15 in Long Blades
173069 | Tar:7    | Found the +12 glaive of Prune {freeze, Prune}
173071 | Tar:7    | Identified the +2 helmet of the Devil {rElec rCorr}
173074 | Tar:7    | Identified the +6 spear "Jellyslayer" {venom, rElec rPois}
173508 | Tar:7    | Noticed Ereshkigal
173511 | Tar:7    | Killed Ereshkigal
173677 | Tar:7    | Identified the +1 arbalest "Xuqa" {freeze, rElec rN+
                  | Stlth+}
173678 | Tar:7    | Identified the amulet "Enwo" {Faith rN++}
173686 | Tar:7    | Got a bone rune of Zot
174301 | Tomb:1   | Entered Level 1 of the Tomb of the Ancients
174783 | Tomb:1   | Reached skill level 15 in Dodging
175191 | Tomb:1   | Noticed a royal mummy
175194 | Tomb:1   | Killed a royal mummy
175431 | Tomb:1   | Noticed a royal mummy
175434 | Tomb:1   | Killed a royal mummy
175701 | Tomb:1   | Noticed a royal mummy
175701 | Tomb:1   | Noticed a royal mummy
175702 | Tomb:1   | Noticed a royal mummy
175705 | Tomb:1   | Killed a royal mummy
175707 | Tomb:1   | Noticed a royal mummy
175712 | Tomb:1   | Killed a royal mummy
175713 | Tomb:1   | Noticed a royal mummy
175721 | Tomb:1   | Killed a royal mummy
175722 | Tomb:1   | Killed a royal mummy
175728 | Tomb:1   | Killed a royal mummy
176096 | Tomb:1   | Noticed a royal mummy
176099 | Tomb:1   | Killed a royal mummy
176112 | Tomb:1   | Noticed a royal mummy
176118 | Tomb:1   | Killed a royal mummy
176118 | Tomb:1   | Noticed a royal mummy
176121 | Tomb:1   | Killed a royal mummy
176121 | Tomb:1   | Noticed a royal mummy
176125 | Tomb:1   | Killed a royal mummy
176320 | Tomb:1   | Noticed a royal mummy
176327 | Tomb:1   | Killed a royal mummy
176357 | Tomb:1   | Noticed a royal mummy
176360 | Tomb:1   | Killed a royal mummy
176500 | Tomb:1   | Noticed a royal mummy
176503 | Tomb:1   | Killed a royal mummy
176511 | Tomb:1   | Noticed a royal mummy
176514 | Tomb:1   | Killed a royal mummy
176539 | Tomb:1   | Noticed a royal mummy
176541 | Tomb:1   | Killed a royal mummy
176571 | Tomb:1   | Noticed a royal mummy
176573 | Tomb:1   | Killed a royal mummy
176640 | Tomb:1   | Learned a level 9 spell: Death's Door
176704 | Tomb:1   | Noticed a royal mummy
176708 | Tomb:1   | Killed a royal mummy
177357 | Tomb:2   | Noticed a royal mummy
177359 | Tomb:2   | Noticed a royal mummy
177359 | Tomb:2   | Noticed a royal mummy
177362 | Tomb:2   | Killed a royal mummy
177369 | Tomb:2   | Upgraded the game from 0.32-a0-960-g3814254bd7 to
                  | 0.32-a0-975-g85d4e5bfdb
177371 | Tomb:2   | Noticed a royal mummy
178230 | Pan      | Entered Pandemonium
178496 | Pan      | Identified the +0 ring mail of Insatiable Hunger {rC+ Dex+5
                  | Slay-4 SInv}
178771 | Pan      | Found an exit through the horrors of the Abyss.
180388 | Pan      | Noticed Fuxaomash the pandemonium lord
180394 | Pan      | Killed Fuxaomash the pandemonium lord
181014 | Pan      | Found an exit through the horrors of the Abyss.
182314 | Pan      | Noticed Leoh the pandemonium lord
182322 | Pan      | Killed Leoh the pandemonium lord
182740 | Pan      | Identified the +2 halberd of the Eggplant {venom, rN+
                  | Stlth+}
183206 | Pan      | Identified the +3 leather armour "Mifraqio" {-Tele rElec
                  | rF+ rC+}
183275 | Pan      | Noticed Vuhinuig the pandemonium lord
183283 | Pan      | Killed Vuhinuig the pandemonium lord
184499 | Depths:2 | Escaped Pandemonium
184952 | Tomb:1   | Noticed a royal mummy
184972 | Tomb:1   | Killed a royal mummy
185444 | Tomb:2   | Killed a royal mummy
185722 | Tomb:2   | Killed a royal mummy
186321 | Tomb:2   | Killed a royal mummy
186857 | Tomb:3   | Entered Level 3 of the Tomb of the Ancients
186884 | Tomb:3   | Reached skill level 27 in Necromancy
186897 | Tomb:3   | Identified the +8 sling "Podghowk" {flame, rElec rF- rN++}
                  | (You took it off a guardian mummy on level 3 of the Tomb of
                  | the Ancients)
186906 | Tomb:3   | Noticed a royal mummy
186907 | Tomb:3   | Noticed a royal mummy
186908 | Tomb:3   | Noticed a royal mummy
186916 | Tomb:3   | Noticed a royal mummy
187354 | Tomb:3   | Noticed a royal mummy
187356 | Tomb:3   | Killed a royal mummy
187357 | Tomb:3   | Killed a royal mummy
187357 | Tomb:3   | Killed a royal mummy
187357 | Tomb:3   | Noticed a royal mummy
187359 | Tomb:3   | Noticed a royal mummy
187362 | Tomb:3   | Noticed a royal mummy
187785 | Tomb:3   | Killed a royal mummy
187787 | Tomb:3   | Killed a royal mummy
187787 | Tomb:3   | Killed a royal mummy
187787 | Tomb:3   | Noticed a royal mummy
187801 | Tomb:3   | Killed a royal mummy
187803 | Tomb:3   | HP: 2/273 [royal mummy/divine providence (12)]
188232 | Tomb:3   | Killed a royal mummy
188232 | Tomb:3   | Killed a royal mummy
188233 | Tomb:3   | Reached skill level 27 in Conjurations
188299 | Tomb:3   | Acquired a manual of Ice Magic
188360 | Tomb:3   | Got a golden rune of Zot
188438 | Tomb:3   | Identified the +1 shadow dragon scales of Moig {rElec
                  | Stlth++++}
188503 | Tomb:3   | Identified the +0 robe of the Gloaming {+Blink rElec rC-
                  | Dex+4}
188533 | Tomb:3   | Identified the +5 broad axe "Lutonoid" {speed, rC+ Int+4
                  | Stlth+}
188568 | Tomb:3   | Identified the staff of Fee Simple {rF+ Int+3 Dex-3 Necro
                  | Fire}
188576 | Tomb:3   | Identified the +6 spear "Nywamus" {holy, rCorr SInv}
188586 | Tomb:3   | Identified the amulet "Hoewir" {Faith Int+3}
188589 | Tomb:3   | Identified the +8 halberd "Sacsickegu" {flame, +Blink
                  | Will+}
189390 | Zot:5    | Got the Orb of Zot
189915 | D:15     | Noticed Lanok the pandemonium lord
189918 | D:15     | Killed Lanok the pandemonium lord
190219 | D:$      | Escaped with the Orb!

Illustrated notes

Levels and vault maps discovered:
D:1:      dpeg_arrival_houses_and_road, layout_rooms, basic_ecumenical_altar,
          minmay_misc_feat_columns, kennysheep_small_spiral
D:2:      layout_loops_ring
D:3:      layout_basic
D:4:      layout_loops_cross, grunt_dithmenos_smoke,
          mainiacjoe_overflow_brackets, gammafunk_temple_overflow_pools,
          minmay_temple_entry_grid, minmay_door_square,
          minmay_increasing_density, uniq_crazy_yiuf_cottage, uniq_sigmund
D:5:      minmay_diamond_boxcup, layout_rooms, mainiacjoe_overflow_alcove_1,
          uniq_ijyb
D:6:      layout_basic, gup_sewer_entry_glass, minmay_quadrilaterals
D:7:      layout_basic, lemuel_zombie_altar_yredelemnul, nicolae_grassy_gnolls,
          uniq_maggie
D:8:      layout_gridville, grunt_lair_entry_orc_guard_hut, minmay_nine_imps
D:9:      layout_cave_pools, serial_shops, nicolae_shop_getting_attention,
          serial_rivers, chequers_serial_rivers_micro_c,
          chequers_serial_rivers_small_a, chequers_serial_rivers_large_a,
          chequers_serial_rivers_micro_c, chequers_serial_rivers_small_b,
          chequers_serial_rivers_large_b, uniq_harold
D:10:     layout_basic, minmay_checkerbox
D:11:     layout_long_grid, slow_altar_2
D:12:     layout_loops_corners, zombieorc2_lemuel, trog_antimagical
D:13:     layout_roguey, gauntlet_entry_generic, tgw_sif
D:14:     layout_roguey [special_room_orc], david_vaults_1, fedhas_altar_2,
          st_stairs_1, grunt_ministairs_4
D:15:     grunt_enter_depths_snipers, layout_irregular_city,
          grunt_qazlal_clouds, uniq_kirke, uniq_rupert
Temple:   nicolae_temple_bog_church
Lair:1:   layout_misc_corridors, serial_bayou_shore_a, grunt_megastairs_2,
          infiniplex_staircase_pool_2, uniq_gastronok
Lair:2:   layout_roguey, nicolae_swamp_entry_spooky, minivault_11, minivault_24,
          beast_lair_carwin_8
Lair:3:   layout_regular_city, nicolae_snake_entry_warm_welcome,
          minmay_shattered_shrine
Lair:4:   layout_cave_pods, infiniplex_staircase_pool, lemuel_fruit_fields,
          serial_bayou_shore_b
Lair:5:   evilmike_catoblepas_cave, layout_misc_corridors,
          nicolae_slime_entry_slimehenge, lemuel_fruit_tree
Swamp:1:  layout_basic_swamp, serial_swamp_ruin, evilmike_swamp_ruin_wall,
          evilmike_swamp_ruin_rubble_1, evilmike_swamp_ruin_house_3
Swamp:2:  layout_basic_swamp, evilmike_swamp_ruin_house_4, uniq_louise
Swamp:3:  layout_falls_marsh, evilmike_swamp_ruin_house_6,
          cheibrodos_swamp_witchery
Swamp:4:  swamp_fiery, layout_basic_swamp, gammafunk_ghost_mausoleum,
          hangedman_swamp_lotus, swamp_pool_1_2,
          nicolae_swamp_nymph_family_reunion
Snake:1:  layout_grid_maze, gammafunk_ghost_necromancy, nicolae_snake_flat_spine
Snake:2:  layout_grid_maze, uniq_vashnia, uniq_aizul
Snake:3:  layout_layer_cave, statue_in_the_mist_lemuel, uniq_mlioglotl
Snake:4:  grunt_snake_rune_spirals, layout_onion
Slime:1:  layout_caves
Slime:2:  layout_caves
Slime:3:  layout_caves, cheibrodos_slime_lost_civilization_6
Slime:4:  cheibrodos_slime_lost_civilization_9, layout_caves, dissolution_awaits
Slime:5:  slime_pit_nicolae_amoeboid
Orc:1:    layout_caves
Orc:2:    st_orc_town, layout_diamond_mine, bloody_makhleb, uniq_josephine,
          uniq_erolcha
Elf:1:    layout_geoelf_octagon, serial_shops, shop_statue, basic_altar,
          nicolae_elf_theology_debate, small_chamber_with_monster
Elf:2:    elven_hall_of_blades_hangedman_alternative
          [mumra_blade_entry_bloodbath], layout_gridlike, serial_shops,
          nicolae_shop_hallway_plus, uniq_nikola
Elf:3:    minmay_elf_hall_x, layout_geoelf_castle, serial_shops, shop
Vaults:1: portal_desolation_entry_twin_temple, hangedman_vaults_variations,
          v_misc_24, hangedman_vaults_corner, v_misc_19,
          nicolae_vaults_windows_and_doors_thing,
          nicolae_vaults_storage_room_glass, nicolae_vaults_alarming,
          nicolae_vaults_three_branches, vaults_room_fours,
          nicolae_vaults_house_1, nicolae_vaults_little_squares_4,
          ontoclasm_vaults_decontamination, grunt_vaults_hallway_short,
          layout_vaults_omnicross, serial_shops,
          nicolae_shop_pleasant_corner_grove
Vaults:2: minmay_crypt_entry_simple_walls, v_rooms_6, v_misc_29,
          vaults_room_grunt_arrival_ludios, nicolae_vaults_yaktaur_gun_rack,
          vaults_room_fours, vaults_room_door_ring, layout_vaults_big_room,
          serial_shops, shop_fountains, uniq_sojobo
Vaults:3: grunt_vaults_hallway_long, nicolae_vaults_frosty_reception,
          nicolae_vaults_trapezoid_lopsided_3, nicolae_vaults_network_square,
          nicolae_vaults_disjoint_gnomons, nicolae_vaults_doubleplus_tesselated,
          grunt_vaults_trifunnel, v_rooms_3, nicolae_vaults_tetromino_Z_2,
          layout_vaults_maze_bifur
Vaults:4: hangedman_vaults_cutoff, grunt_vaults_diagonal,
          nicolae_vaults_shrinking_rooms_1, nicolae_vaults_diamond_1,
          grunt_vaults_focal, v_misc_9, nicolae_vaults_house_1,
          vaults_room_corners, serial_ice_h, nicolae_vaults_layer_cake_slice,
          nicolae_vaults_mini_display_case, nicolae_vaults_closet_pinwheel_1,
          nicolae_vaults_diamond_2, nicolae_vaults_know_your_exits,
          grunt_vaults_hallway_long, layout_vaults_omnibox, serial_shops, shop
Vaults:5
Crypt:1:  layout_gridlike, grunt_crypt_arrival_guarded_gate
Crypt:2:  layout_chaotic_city, nicolae_crypt_stairs_room, st_chilly_death,
          grunt_megastairs_5, uniq_zenata, uniq_khufu
Crypt:3:  cryptofortress_bobbens
Tomb:1
Tomb:2
Tomb:3
Depths:1: layout_gridlike, hellmouth_3, grunt_pan_entry_sceptre,
          kennysheep_crisscross, led_xom_imps
Depths:2: dreamdust_isle_of_ice, layout_cave_shapes, enter_ziggurat_d,
          hell_entry, grunt_pan_entry_zigzag,
          nicolae_abyss_entry_one_way_or_another
Depths:3: nicolae_aperiodic_l_corner, layout_honeycomb, grunt_hell_entry_dis_mu,
          serial_shops, nicolae_lakefront_shop, abandoned_shop,
          regret_index_abyss_entry_already_here, st_stairs_11,
          grunt_decor_junction, minmay_shoptagon
Depths:4: evilmike_zot_entry_hall, layout_cave_pools, pf_coc_iceberg,
          serial_shops, bzr_entry_lakeside, zin_treasury
Hell
Dis:1:    layout_regular_city, nicolae_dis_spooky_hallway
Dis:2:    layout_jigsaw, nicolae_dis_liches_on_tour
Dis:3:    layout_gridville
Dis:4:    layout_gridville, nicolae_dis_strange_trophy_room
Dis:5:    layout_jigsaw, nicolae_hells_fiendish_ambush
Dis:6:    layout_gridville, hangedman_dis_decor_tower,
          amcnicky_altar_lugonu_corruption
Dis:7:    dis_grunt_layers
Geh:1:    layout_gehenna_pools_triple
Geh:2:    layout_gehenna_pools_basic
Geh:3:    layout_gehenna_pools_triple
Geh:4:    layout_gehenna_pools_box, nicolae_geh_fiery_graves
          [nicolae_geh_single_fiery_grave, nicolae_geh_single_fiery_grave,
          nicolae_geh_single_fiery_grave, nicolae_geh_single_fiery_grave,
          nicolae_geh_single_fiery_grave, nicolae_geh_single_fiery_grave,
          nicolae_geh_single_fiery_grave, nicolae_geh_single_fiery_grave,
          nicolae_geh_single_fiery_grave], nicolae_geh_amphitheater
Geh:5:    layout_gehenna_lava_caves
Geh:6:    layout_gehenna_lava_caves, nicolae_geh_lavax
Geh:7:    geh_grunt
Coc:1:    layout_cocytus_delve
Coc:2:    layout_cocytus_delve
Coc:3:    layout_ice_bergs
Coc:4:    layout_cocytus_delve
Coc:5:    layout_cocytus_water_paths
Coc:6:    layout_ice_bergs
Coc:7:    coc_dpeg
Tar:1:    layout_grid_maze, nicolae_tar_cuneiform_not, nicolae_tar_combstack
Tar:2:    layout_catacombs
Tar:3:    layout_grid_maze
Tar:4:    layout_cathedral_of_symmetry, nicolae_tar_just_some_guys
Tar:5:    layout_honeycomb, nicolae_tar_cuneiform_three
Tar:6:    layout_honeycomb
Tar:7:    tar_minmay_river
Zot:1:    layout_gridlike, grunt_megastairs_4
Zot:2:    gammafunk_dig_for_victory, layout_cathedral_of_symmetry,
          grunt_megastairs_1, uniq_tiamat, uniq_vv
Zot:3:    layout_basic, ebering_ghost_gozag
Zot:4:    layout_misc_corridors, hangedman_zot_decor_unnerving_road,
          grunt_megastairs_3
Zot:5:    layout_basic

Skill      XL: |  1  2  3  4  5  6  7  8  9 10 11 12 13 14 15 16 17 18 19 20 21 22 23 24 25 26 27 |
---------------+----------------------------------------------------------------------------------+-----
Conjurations   | 1 2 3 4 6 7 9 10 12 14 15 17 18 20 21 22 27 | 27.0
Fighting       | 1 2 3 4 5 6 7 9 12 15 17 18 19 27 | 27.0
Armour         | 1 2 3 4 5 6 7 8 9 10 12 14 16 17 27 | 27.0
Spellcasting   | 2 3 4 5 6 7 8 9 11 12 13 14 15 16 17 18 19 20 27 | 27.0
Fire Magic     | 4 5 6 7 8 9 10 12 14 16 19 22 24 25 26 27 | 27.0
Maces & Flails | 1 2 3 4 5 6 9 |  9.3
Translocations | 1 2 3 4 |  4.4
Invocations    | 1 2 3 5 6 7 9 10 11 12 14 15 27 | 27.0
Earth Magic    | 4 6 8 9 10 12 13 15 27 | 27.0
Staves         | 2 4 6 7 8 9 11 | 11.2
Shields        | 4 7 8 27 | 27.0
Evocations     | 2 6 9 |  9.0
Dodging        | 15 | 15.6
Long Blades    | 15 | 15.6
Necromancy     | 27 | 27.0
Stealth        | |  1.4

Action                     |  1- 3 |  4- 6 |  7- 9 | 10-12 | 13-15 | 16-18 | 19-21 | 22-24 | 25-27 || total
---------------------------+-------+-------+-------+-------+-------+-------+-------+-------+-------++-------
  Melee: Short sword       |    18 |       |       |       |       |       |       |       |       ||    18
         Unarmed           |     1 |       |       |       |       |       |       |       |       ||     1
         Whip              |    23 |    42 |   157 |   110 |       |       |       |       |       ||   332
         Mace              |       |       |       |    95 |       |       |       |       |       ||    95
         Staff             |       |       |       |    34 |   205 |    67 |   246 |   260 |  1762 ||  2574
         Eudemon blade     |       |       |       |       |       |       |       |       |   614 ||   614
         Eveningstar       |       |       |       |       |       |       |       |       |    41 ||    41
         Trident           |       |       |       |       |       |       |       |       |     3 ||     3
   Cast: Foxfire           |    28 |    38 |     4 |       |       |     1 |       |       |       ||    71
         Scorch            |     6 |    27 |   131 |   129 |   259 |   102 |    44 |    24 |     4 ||   726
         Volatile Blastmot |       |     5 |    30 |    75 |    53 |     1 |     7 |     4 |     1 ||   176
         Inner Flame       |       |       |     4 |     2 |     5 |       |       |       |       ||    11
         Flame Wave        |       |       |     4 |    45 |    14 |       |       |       |       ||    63
         Blink             |       |       |     2 |     2 |     1 |     1 |       |     1 |     3 ||    10
         Brom's Barrelling |       |       |       |     8 |       |       |       |       |       ||     8
         Stone Arrow       |       |       |       |    15 |    44 |   141 |   117 |    41 |     5 ||   363
         Animate Armour    |       |       |       |       |    26 |    17 |    15 |     6 |       ||    64
         Iskenderun's Batt |       |       |       |       |     6 |       |       |       |       ||     6
         Starburst         |       |       |       |       |   233 |   190 |   132 |    47 |    34 ||   636
         Sticky Flame      |       |       |       |       |     1 |    35 |    30 |    22 |    27 ||   115
         Ignition          |       |       |       |       |       |   108 |   204 |   149 |   307 ||   768
         Orb of Destructio |       |       |       |       |       |       |     8 |   190 |   110 ||   308
         Fire Storm        |       |       |       |       |       |       |     2 |    47 |  1181 ||  1230
         Lehudib's Crystal |       |       |       |       |       |       |       |   103 |  1944 ||  2047
         Shatter           |       |       |       |       |       |       |       |       |   245 ||   245
         Borgnjor's Vile C |       |       |       |       |       |       |       |       |    56 ||    56
         Death's Door      |       |       |       |       |       |       |       |       |     5 ||     5
 Invoke: Channel Magic     |       |       |       |     6 |    15 |     8 |    11 |    24 |   188 ||   252
Ability: Evoke Blink       |       |       |       |       |       |       |       |       |     1 ||     1
  Evoke: Wand              |       |     1 |       |       |     2 |       |       |       |    10 ||    13
    Use: Potion            |       |     3 |       |     1 |     5 |     8 |     4 |     4 |    45 ||    70
         Scroll            |       |     4 |     4 |     4 |    10 |    12 |     8 |     7 |    51 ||   100
   Stab: Sleeping          |     1 |       |       |       |       |       |     1 |       |       ||     2
         Distracted        |       |       |       |       |     3 |     1 |     1 |     1 |     3 ||     9
 Armour: Leather armour    |    26 |    28 |       |       |       |       |       |       |       ||    54
         Scale mail        |       |    20 |   216 |   564 |   795 |   474 |   418 |   338 |       ||  2825
         Plate armour      |       |       |       |       |       |       |       |   234 |  2743 ||  2977
         Crystal plate arm |       |       |       |       |       |       |       |       |   482 ||   482
  Dodge: Dodged            |    29 |    33 |   110 |   216 |   240 |   194 |   173 |   216 |  1192 ||  2403
  Block: Buckler           |       |       |       |    29 |   116 |    77 |       |   106 |   288 ||   616
         Kite shield       |       |       |       |       |       |    20 |   172 |       |       ||   192
         Reflection        |       |       |       |       |       |       |       |     8 |     4 ||    12
         Tower shield      |       |       |       |       |       |       |       |       |  1562 ||  1562
         Other             |       |       |       |       |       |       |       |       |    62 ||    62

Table legend: (Time is in decaauts)
 A = Elapsed time spent in this place.
 B = Non-inter-level travel time spent in this place.
 C = Inter-level travel time spent in this place.
 D = Time resting spent in this place.
 E = Time spent auto-exploring this place.
 F = Levels seen in this place.
 G = Mean time per level.
                   A        B        C        D        E       F      G
               +--------+--------+--------+--------+--------+-----+--------+
         Total | 190466 | 178713 |  11753 |  78388 |  52275 | 137 | 1390.3 |
       Dungeon |  25931 |  21467 |   4464 |   6832 |  10391 |  15 | 1728.7 |
        Temple |      1 |      1 |      0 |      0 |      0 |   1 |    1.0 |
          Lair |  10795 |   9763 |   1032 |   3160 |   4358 |   5 | 2159.0 |
         Swamp |   5669 |   5489 |    180 |   2322 |   2030 |   4 | 1417.2 |
     Snake Pit |   8573 |   8113 |    460 |   3446 |   3296 |   4 | 2143.2 |
    Slime Pits |   2779 |   2694 |     85 |   1571 |    164 |   5 |  555.8 |
  Orcish Mines |   3849 |   3666 |    183 |   1799 |    865 |   2 | 1924.5 |
   Elven Halls |   5169 |   4964 |    205 |   2017 |   1135 |   3 | 1723.0 |
        Vaults |  13308 |  12054 |   1254 |   5259 |   4540 |   5 | 2661.6 |
         Crypt |   6624 |   6146 |    478 |   2181 |   2848 |   3 | 2208.0 |
          Tomb |   7598 |   6955 |    643 |   4433 |    383 |   3 | 2532.7 |
        Depths |  12662 |  11222 |   1440 |   5046 |   4494 |   4 | 3165.5 |
          Hell |   1153 |   1035 |    118 |    358 |    417 |   1 | 1153.0 |
           Dis |   4671 |   4581 |     90 |   2792 |      0 |   7 |  667.3 |
       Gehenna |   3215 |   3175 |     40 |   1782 |      0 |   7 |  459.3 |
       Cocytus |   3124 |   3021 |    103 |   1402 |    248 |   7 |  446.3 |
      Tartarus |   6037 |   5739 |    298 |   3531 |    108 |   7 |  862.4 |
           Zot |   9270 |   8597 |    673 |   3759 |   2791 |   5 | 1854.0 |
         Abyss |   1208 |   1208 |      0 |    375 |      0 |   6 |  201.3 |
   Pandemonium |  51688 |  51688 |      0 |  22667 |  13847 |  18 | 2871.6 |
      Ziggurat |   4313 |   4313 |      0 |   2431 |      0 |  21 |  205.4 |
        Bazaar |    112 |    112 |      0 |     68 |      0 |   1 |  112.0 |
         Sewer |    393 |    393 |      0 |    224 |      0 |   1 |  393.0 |
    Desolation |   1539 |   1539 |      0 |    533 |    356 |   1 | 1539.0 |
      Gauntlet |    772 |    772 |      0 |    395 |      0 |   1 |  772.0 |
               +--------+--------+--------+--------+--------+-----+--------+

Top non-repeatable levels by time:
  Tomb:1: 5085 daAuts
Depths:1: 4225 daAuts
   Tar:7: 4166 daAuts
Depths:2: 3314 daAuts
 Snake:3: 3255 daAuts
Vaults:5: 3026 daAuts
   Dis:7: 2999 daAuts
Vaults:1: 2830 daAuts
Depths:3: 2805 daAuts
  Lair:3: 2711 daAuts
     D:8: 2687 daAuts
Vaults:2: 2672 daAuts
   Orc:2: 2667 daAuts
    D:12: 2601 daAuts
   Elf:3: 2591 daAuts
